 Dungeon Crawl Stone Soup version 0.30.0 (webtiles) character file.

Game seed: 1211287919850841917

1340098 steven32 the Petrodigitator (level 27, 196/196 HPs)
             Began as a Gargoyle Fire Elementalist on May 7, 2023.
             Was the Champion of Sif Muna.
             Escaped with the Orb
             ... and 3 runes!
             The game lasted 03:14:14 (133945 turns).

steven32 the Petrodigitator (GrFE)                Turns: 133945, Time: 03:14:15

Health: 196/196    AC: 43    Str: 12    XL:     27
Magic:  46/46      EV: 13    Int: 42    God:    Sif Muna [******]
Gold:   2431       SH: 12    Dex:  8    Spells: 1/56 levels left

rFire   + + .        X - +12 flail "Porueklock" {flame, Drain rElec Int+7 SInv}
rCold   + + +        H - +3 buckler {rC+}
rNeg    + . .        O - +3 leather armour {rC+ rF+}
rPois   ∞            z - +2 helmet of the Pirate {rC++ Int+7 Dex-5}
rElec   +            P - +2 cloak {Will+}
rCorr   +            F - +2 pair of gloves
SInv    +            E - +2 pair of boots {Stlth+}
Will    ++++.        Y - amulet of faith
Stlth   +            a - ring "Baigav" {rF+ rCorr Dex-3 Slay+4}
HPRegen 0.52/turn    c - ring of Sunlight {Fly Will+ Int+2 Dex+6 SInv}
MPRegen 0.30/turn

%: faith
@: flying, studying 4 skills
A: sickness immunity, AC +20, big wings, negative energy resistance 1,
electricity resistance, torment resistance 1, petrification resistance, large
bone plates 1, cold resistance 1, high MP 1, weak 2
0: Orb of Zot
}: 3/15 runes: decaying, slimy, gossamer
a: Renounce Religion, Channel Magic, Forget Spell, Divine Exegesis


You escaped.
You worshipped Sif Muna.
Sif Muna was exalted by your worship.
You visited 12 branches of the dungeon, and saw 55 of its levels.
You visited 1 bazaar.
You also visited: Ice Cave.

You collected 9060 gold pieces.
You spent 6629 gold pieces at shops.

Inventory:

Hand Weapons
 X - the +12 flail "Porueklock" (weapon) {flame, Drain rElec Int+7 SInv}
   (You found it in an ice cave)

   Int:       It affects your intelligence (+7).
   rElec:     It insulates you from electricity.
   SInv:      It lets you see invisible.
   Drain:     It drains your maximum health when unequipped.
Missiles
 T - 3 curare-tipped darts
 U - 3 throwing nets
Armour
 z - the +2 helmet of the Pirate (worn) {rC++ Int+7 Dex-5}
   (You acquired it on level 4 of the Depths)

   Int:       It affects your intelligence (+7).
   Dex:       It affects your dexterity (-5).
   rC:        It greatly protects you from cold.
 E - a +2 pair of boots of stealth (worn)
 F - a +2 pair of gloves (worn)
 H - a +3 buckler of cold resistance (worn)
 O - a +3 leather armour of resistance (worn)
 P - a +2 cloak of willpower (worn)
Jewellery
 a - the ring "Baigav" (left hand) {rF+ rCorr Dex-3 Slay+4}
   (You bought it in a shop in a bazaar)

   [ring of slaying]

   Dex:       It affects your dexterity (-3).
   Slay:      It affects your accuracy & damage with ranged weapons and melee
   (+4).
   rF:        It protects you from fire.
   rCorr:     It protects you from acid and corrosion.
 c - the ring of Sunlight (right hand) {Fly Will+ Int+2 Dex+6 SInv}
   (You acquired it in a bazaar)

   [ring of dexterity]

   Int:       It affects your intelligence (+2).
   Dex:       It affects your dexterity (+6).
   SInv:      It lets you see invisible.
   Fly:       It grants you flight.
   Will:      It increases your willpower.
 o - the ring "Peecwool" {Wiz rF+ Int+2 Slay+3}
   (You bought it in a shop in a bazaar)

   [ring of wizardry]

   It improves your spell success rate.
   Int:       It affects your intelligence (+2).
   Slay:      It affects your accuracy & damage with ranged weapons and melee
   (+3).
   rF:        It protects you from fire.
 r - the ring of Pride {rN+ AC+4 Str-3 Dex+3}
   (You found it on level 2 of the Vaults)

   [ring of protection]

   AC:        It affects your AC (+4).
   Str:       It affects your strength (-3).
   Dex:       It affects your dexterity (+3).
   rN:        It protects you from negative energy.
 N - an amulet of magic regeneration
 Y - an amulet of faith (around neck)
Wands
 m - a wand of flame (57)
 n - a wand of light (5)
 p - a wand of mindburst (58)
 t - a wand of digging (9)
 v - a wand of polymorph (30)
 y - a wand of roots (28)
 R - a wand of paralysis (54)
Scrolls
 f - 3 scrolls of amnesia
 h - 3 scrolls of blinking
 j - 4 scrolls of immolation
 l - 18 scrolls of teleportation
 s - 7 scrolls of fear
 x - 9 scrolls of poison
 B - 3 scrolls of silence
 D - 3 scrolls of summoning
 K - 12 scrolls of fog
 L - 4 scrolls of torment
 V - 7 scrolls of vulnerability
Potions
 d - 8 potions of brilliance
 e - 8 potions of resistance
 g - 30 potions of curing
 i - 9 potions of might
 k - 12 potions of heal wounds
 q - 7 potions of lignification
 u - 6 potions of ambrosia
 A - 9 potions of haste
 C - 5 potions of berserk rage
 I - 4 potions of invisibility
 Q - a potion of mutation
 Z - 2 potions of cancellation
Miscellaneous
 w - a box of beasts
 G - a phial of floods
 M - a condenser vane
 S - a phantom mirror
 W - a lightning rod (4/4)


   Skills:
 + Level 26.4 Fighting
 - Level 14.0 Armour
 - Level 8.0 Dodging
 - Level 4.0 Stealth
 - Level 8.0 Shields
 - Level 15.0 Spellcasting
 - Level 20.0 Conjurations
 - Level 8.0 Necromancy
 - Level 10.0 Translocations
 - Level 12.0 Transmutations
 - Level 8.0 Fire Magic
 O Level 27 Earth Magic
 - Level 8.0 Poison Magic
 - Level 16.0 Invocations
 - Level 12.0 Evocations


You had one spell level left.
You knew the following spells:

 Your Spells              Type           Power      Damage    Failure   Level
a - Stone Arrow           Conj/Erth      100%       3d13      0%          3
b - Passage of Golubria   Tloc           86%        N/A       1%          4
c - Borgnjor's Vile Clut  Necr/Erth      54%        N/A       1%          5
d - Lehudib's Crystal Sp  Conj/Erth      61%        10d14     1%          8
e - Irradiate             Conj/Tmut      52%        3d29      1%          5
g - Iron Shot             Conj/Erth      61%        9d11      0%          6
i - Ignite Poison         Fire/Tmut/Pois 83%        N/A       1%          3
k - Starburst             Conj/Fire      49%        6d14      1%          6
r - Olgreb's Toxic Radia  Pois           78%        N/A       1%          4
s - Shatter               Erth           65%        3d48*     2%          9
v - Poisonous Vapours     Pois/Air       100%       N/A       1%          2

Your spell library contained the following spells:

 Spells                   Type           Power      Damage    Failure   Level
 Beastly Appendage        Tmut           100%       N/A       0%          1
 Foxfire                  Conj/Fire      100%       2x1d9     0%          1
 Kiss of Death            Conj/Necr      100%       2d13      0%          1
 Magic Dart               Conj           100%       1d8       0%          1
 Sandblast                Erth           100%       2d20      0%          1
 Apportation              Tloc           100%       N/A       1%          1
 Freeze                   Ice            100%       1d10      1%          1
 Necrotise                Necr           100%       1d9       1%          1
 Shock                    Conj/Air       100%       1d9       1%          1
 Slow                     Hex            100%       N/A       1%          1
 Sting                    Tmut/Pois      100%       1d8       1%          1
 Summon Small Mammal      Summ           100%       N/A       1%          1
 Momentum Strike          Conj/Tloc      100%       3d10      0%          2
 Passwall                 Tmut/Erth      95%        N/A       0%          2
 Searing Ray              Conj           100%       2d8       0%          2
 Wereblood                Tmut           93%        N/A       0%          2
 Petrify                  Tmut/Erth      100%       N/A       0%          4
 Iskenderun's Battlesphe  Conj           100%       2d15      0%          5
 Lee's Rapid Deconstruct  Erth           65%        3d30*     0%          5
 Blink                    Tloc           100%       N/A       1%          2
 Lesser Beckoning         Tloc           100%       N/A       1%          2
 Scorch                   Fire           100%       2d9       1%          2
 Static Discharge         Conj/Air       100%       2-7/arc   1%          2
 Dazzling Flash           Conj/Hex       100%       N/A       1%          3
 Gell's Gravitas          Tloc           86%        N/A       1%          3
 Hailstorm                Conj/Ice       86%        3d17      1%          3
 Inner Flame              Hex/Fire       60%        N/A       1%          3
 Mephitic Cloud           Conj/Pois/Air  83%        N/A       1%          3
 Portal Projectile        Hex/Tloc       100%       N/A       1%          3
 Spider Form              Tmut/Pois      86%        N/A       1%          3
 Teleport Other           Tloc           86%        N/A       1%          3
 Vampiric Draining        Necr           78%        2d11      1%          3
 Vhi's Electric Charge    Tloc/Air       100%       N/A       1%          3
 Volatile Blastmotes      Fire/Tloc      100%       2d18      1%          3
 Animate Armour           Summ/Erth      100%       N/A       1%          4
 Animate Dead             Necr           78%        N/A       1%          4
 Dispel Undead            Necr           78%        3d26      1%          4
 Flame Wave               Conj/Fire      99%        2d21      1%          4
 Fulminant Prism          Conj/Hex       43%        3d19      1%          4
 Ice Form                 Ice/Tmut       69%        N/A       1%          4
 Iskenderun's Mystic Bla  Conj/Tloc      100%       2d19      1%          4
 Leda's Liquefaction      Hex/Erth       49%        N/A       1%          4
 Manifold Assault         Tloc           86%        N/A       1%          4
 Sticky Flame             Conj/Fire      99%        2d11      1%          4
 Agony                    Necr           78%        N/A       1%          5
 Alistair's Intoxication  Tmut/Pois      57%        N/A       1%          5
 Arcjolt                  Conj/Air       43%        1d53      1%          5
 Blade Hands              Tmut           46%        N/A       1%          5
 Fireball                 Conj/Fire      49%        3d19      1%          5
 Orb of Destruction       Conj           57%        9d14      1%          7
 Call Imp                 Summ           62%        N/A       2%          2
 Ensorcelled Hibernation  Hex/Ice        62%        N/A       2%          2
 Anguish                  Hex/Necr       30%        N/A       2%          4
 Freezing Cloud           Conj/Ice/Air   36%        6-21      2%          5
 Yara's Violent Unravell  Hex/Tmut       34%        3d14      3%          5
 Conjure Ball Lightning   Conj/Air       43%        3x3d15    3%          6
 Dispersal                Tloc           43%        N/A       3%          6
 Eringya's Noxious Bog    Tmut/Pois      43%        N/A       3%          6
 Call Canine Familiar     Summ           31%        N/A       4%          3
 Confusing Touch          Hex            31%        N/A       4%          3
 Frozen Ramparts          Ice            62%        1d10      4%          3
 Ozocubu's Armour         Ice            31%        N/A       4%          3
 Summon Guardian Golem    Hex/Summ       31%        N/A       4%          3
 Swiftness                Air            31%        N/A       4%          3
 Tukima's Dance           Hex            31%        N/A       4%          3
 Summon Forest            Summ/Tloc      32%        N/A       4%          5
 Death Channel            Necr           39%        N/A       9%          6
 Dragon Form              Tmut           46%        N/A       9%          7
 Airstrike                Air            15%        2d(3-19)  14%         4
 Cause Fear               Hex            15%        N/A       14%         4
 Summon Ice Beast         Ice/Summ       31%        N/A       14%         4
 Summon Lightning Spire   Summ/Air       31%        N/A       14%         4
 Spellforged Servitor     Conj/Summ      43%        N/A       21%         7
 Metabolic Englaciation   Hex/Ice        15%        N/A       36%         5
 Silence                  Hex/Air        15%        N/A       36%         5
 Summon Mana Viper        Hex/Summ       31%        N/A       36%         5
 Plasma Beam              Fire/Air       30%        2x1d47    38%         6
 Simulacrum               Ice/Necr       30%        N/A       38%         6
 Storm Form               Tmut/Air       34%        N/A       71%         7
 Malign Gateway           Summ/Tloc      32%        N/A       83%         7
 Disjunction              Tloc           43%        N/A       83%         8
 Necromutation            Tmut/Necr      43%        N/A       83%         8
 Summon Cactus Giant      Summ           15%        N/A       91%         6
 Haunt                    Necr/Summ      30%        N/A       93%         7
 Borgnjor's Revivificati  Necr           39%        N/A       98%         8
 Ignition                 Fire           39%        3d12      98%         8
 Infestation              Necr           39%        N/A       98%         8
 Fire Storm               Conj/Fire      49%        8d13      99%         9
 Enfeeble                 Hex            15%        N/A       100%        7
 Monstrous Menagerie      Summ           15%        N/A       100%        7
 Ozocubu's Refrigeration  Ice            15%        4d10      100%        7
 Summon Hydra             Summ           15%        N/A       100%        7
 Discord                  Hex            15%        N/A       100%        8
 Maxwell's Capacitive Co  Air            15%        ∞         100%        8
 Summon Horrible Things   Summ           15%        N/A       100%        8
 Chain Lightning          Conj/Air       43%        3d57      100%        9
 Death's Door             Necr           39%        N/A       100%        9
 Dragon's Call            Summ           15%        N/A       100%        9
 Polar Vortex             Ice            15%        N/A       100%        9
 Cigotuvi's Dreadful Rot  Necr/Pois/Air  Unusable   N/A       N/A         2
 Sublimation of Blood     Necr           Unusable   N/A       N/A         2
 Statue Form              Tmut/Erth      Unusable   N/A       N/A         6

Dungeon Overview and Level Annotations

Branches:
Dungeon (15/15)            Temple (1/1) D:7            Lair (5/5) D:8
  Swamp (4/4) Lair:2       Spider (4/4) Lair:2        Slime (5/5) Lair:4
    Orc (2/2) D:9             Elf (3/3) Orc:2        Vaults (4/5) D:13
  Crypt (3/3) Vaults:3       Tomb (0/3) Crypt:3      Depths (4/4) D:15
    Zot (5/5) Depths:4      IceCv (visited)

Altars:
Ashenzari
Cheibriados
Dithmenos
Elyvilon
Fedhas
Gozag
Hepliaklqana
Kikubaaqudgha
Makhleb
Nemelex Xobeh
Okawaru
Qazlal
Ru
Sif Muna
Trog
Uskayaw
Vehumet
Wu Jian
Xom
Yredelemnul
Zin
The Shining One
Jiyva
Lugonu

Shops:
D:3 !   D:7 !   D:9 *   Orc:2 ?[!:   Elf:1 =   Vaults:3 [?   Vaults:4 =
Depths:1 !*(

Portals:
Hell: Depths:1 Depths:2 Depths:3 Depths:4
Abyss: Lair:5 Depths:3
Pandemonium: Orc:2 Depths:2
Ziggurat: Depths:1
Trove: Vaults:2 (give +3 storm dragon scales)

Annotations:
D:6 Maggie
D:7 3 runed translucent doors, AnyaLaVert's ghost, novice HOFi
D:10 1 runed translucent door
Elf:2 3 runed translucent doors
Zot:4 3 exclusions


Innate Abilities, Weirdness & Mutations

You are immune to sickness and miasma.
Your stone body is resilient. (AC +20)
You are immune to poison.
Your large and strong wings let you fly.
You resist negative energy. (rN+)
You are resistant to electric shocks. (rElec)
You are resistant to unholy torment.
You are immune to petrification.
You are partially covered in large bone plates. (SH +4)
Your flesh is cold resistant. (rC+)
You have an increased reservoir of magic. (+10% MP)
You are very weak. (Str -4)


Message History

g - Guard the area. f - Follow me.
Anything else - Cancel.
You shout for attention!
There is an open door here.
There is an open door here.
What are your orders? t - Shout!
Orders for allies: a - Attack new target. r - Retreat! s - Stop attacking. g - Guard the area. f - Follow me.
Anything else - Cancel.
You shout for attention!
There is an open door here.
There is an open door here.
There is an open door, spattered with blood here.
You see here a +0 flail.
There is an open door here.
There is an open door here.
There is a fountain of clear blue water here.
What are your orders? t - Shout!
Orders for allies: a - Attack new target. r - Retreat! s - Stop attacking. g - Guard the area. f - Follow me.
Anything else - Cancel.
You shout for attention!
There is an open door here.
What are your orders? t - Shout!
Orders for allies: a - Attack new target. r - Retreat! s - Stop attacking. g - Guard the area. f - Follow me.
Anything else - Cancel.
You shout for attention!
There is an open door here.
What are your orders? t - Shout!
Orders for allies: a - Attack new target. r - Retreat! s - Stop attacking. g - Guard the area. f - Follow me.
Anything else - Cancel.
You shout for attention!
What are your orders? t - Shout!
Orders for allies: a - Attack new target. r - Retreat! s - Stop attacking. g - Guard the area. f - Follow me.
Anything else - Cancel.
Okay, then.
What are your orders? t - Shout!
Orders for allies: a - Attack new target. r - Retreat! s - Stop attacking. g - Guard the area. f - Follow me.
Anything else - Cancel.
You shout for attention!
What are your orders? t - Shout!
Orders for allies: a - Attack new target. r - Retreat! s - Stop attacking. g - Guard the area. f - Follow me.
Anything else - Cancel.
You shout for attention!
There is an open door here.
What are your orders? t - Shout!
Orders for allies: a - Attack new target. r - Retreat! s - Stop attacking. g - Guard the area. f - Follow me.
Anything else - Cancel.
You shout for attention!
There is an open door here.
There is a fountain of clear blue water here.
You see here a +11 antimagic club.
You see here a +9 antimagic club.
You see here the Orb of Zot.
You feel yourself speed up.
You pick up the Orb of Zot!
The Orb lets out a hideous shriek!
The lords of Pandemonium are not amused.
Beware!
Now all you have to do is get back out of the dungeon!
Sorry, I don't know how to traverse that place.
Really fly into that permanent teleport trap?
You enter a permanent teleport trap!
Your surroundings suddenly seem different.
Really fly into that permanent teleport trap?
You enter a permanent teleport trap!
Your surroundings suddenly seem different.
A smoke demon comes into view.
The smoke demon drops a net on you.
You become entangled in the net!
You see here a throwing net.
You tear a large gash into the net.
You struggle against the net.
You rip the net and break free!
The smoke demon gestures at you. The ball of steam hits you. You resist.
You take 5 damage, and have 191/196 hp.
Blink to where?
Press: ? - help, Dir - move target
As you read the scroll of blinking, it crumbles to dust.
A reaper comes into view. It is wielding a +2 scythe of freezing.
The reaper hits you but does no damage.
An orange demon comes into view.
Casting: Lehudib's Crystal Spear (mildly dangerous; 1% risk of failure)
Confirm with . or Enter, or press ? or * to list all spells.
Aiming: Iron Shot (safe; 0% risk of failure)
Press: ? - help, Shift-Dir - straight line, f - reaper
Aim: a reaper, wielding a +2 scythe of freezing (81% to hit)
The iron shot hits the reaper!!!
The reaper is almost dead.
The reaper hits you from afar with a +2 scythe of freezing!
The reaper freezes you.
You take 13 damage, and have 181/196 hp.
You now have 36/42 mp.
Casting: Iron Shot (safe; 0% risk of failure)
Confirm with . or Enter, or press ? or * to list all spells.
Aiming: Iron Shot (safe; 0% risk of failure)
Press: ? - help, Shift-Dir - straight line, f/p - reaper
Aim: a reaper, wielding a +2 scythe of freezing (almost dead, 81% to hit)
The iron shot misses the reaper.
You now have 30/42 mp.
Casting: Iron Shot (safe; 0% risk of failure)
Confirm with . or Enter, or press ? or * to list all spells.
Aiming: Iron Shot (safe; 0% risk of failure)
Press: ? - help, Shift-Dir - straight line, f/p - reaper
Aim: a reaper, wielding a +2 scythe of freezing (almost dead, 81% to hit)
The iron shot hits the reaper!!!!
You kill the reaper!
Sif Muna accepts your kill.
You now have 24/42 mp.
Casting: Iron Shot (safe; 0% risk of failure)
Confirm with . or Enter, or press ? or * to list all spells.
Aiming: Iron Shot (safe; 0% risk of failure)
Press: ? - help, Shift-Dir - straight line, f - orange demon
Aim: an orange demon (88% to hit)
The iron shot hits the orange demon!!!
The orange demon is almost dead.
You now have 18/42 mp.
Casting: Iron Shot (safe; 0% risk of failure)
Confirm with . or Enter, or press ? or * to list all spells.
Aiming: Iron Shot (safe; 0% risk of failure)
Press: ? - help, Shift-Dir - straight line, f/p - orange demon
Aim: an orange demon (almost dead, 88% to hit)
The iron shot hits the orange demon!!!
You kill the orange demon!
Sif Muna accepts your kill.
You now have 13/42 mp.
Your extra speed is starting to run out.
You regained 3 hp, and now have 185/196 hp.
You feel yourself slow down.
There is an open door here.
There is an open door here.
HP restored.
There is a stone staircase leading up here.
Health restored: 196 You regained 9 mp, and now have 23/42 mp.
You fly upwards.
Level annotation: 3 exclusions
There is a stone staircase leading down here.
(D) Dungeon (T) Temple (L) Lair (S) Swamp (N) Spider Nest (M) Slime Pits (O) Orcish Mines (E) Elven Halls (V) Vaults (C) Crypt (W) Tomb (U) Depths (H) Hell (Z) Zot
Where to? (Enter - Zot:5 @ (x,y), ? - help)
There is a stone staircase leading up here.
Things that are here:
a scroll of identify; a +0 hand axe You fly upwards.
There is a stone staircase leading down here.
You regained 9 mp, and now have 33/42 mp.
(D) Dungeon (T) Temple (L) Lair (S) Swamp (N) Spider Nest (M) Slime Pits (O) Orcish Mines (E) Elven Halls (V) Vaults (C) Crypt (W) Tomb (U) Depths (H) Hell (Z) Zot
Where to? (Enter - Zot:3, ? - help)
A chaos spawn comes into view.
Casting: Iron Shot (safe; 0% risk of failure)
Confirm with . or Enter, or press ? or * to list all spells.
Aiming: Iron Shot (safe; 0% risk of failure)
Press: ? - help, Shift-Dir - straight line, f - chaos spawn
Aim: a chaos spawn (76% to hit)
The iron shot hits the chaos spawn!!!
You kill the chaos spawn!
Sif Muna accepts your kill.
The chaos spawn degenerates into a cloud of primal chaos!
Unknown command.
You now have 28/42 mp.
(D) Dungeon (T) Temple (L) Lair (S) Swamp (N) Spider Nest (M) Slime Pits (O) Orcish Mines (E) Elven Halls (V) Vaults (C) Crypt (W) Tomb (U) Depths (H) Hell (Z) Zot
Where to? (Enter - Zot:2, ? - help)
There is an open door here.
You see here a +4 scimitar.
You see here a +0 scimitar.
There is a stone staircase leading up here.
You fly upwards.
There is a stone staircase leading down here.
You regained 8 mp, and now have 36/42 mp.
(D) Dungeon (T) Temple (L) Lair (S) Swamp (N) Spider Nest (M) Slime Pits (O) Orcish Mines (E) Elven Halls (V) Vaults (C) Crypt (W) Tomb (U) Depths (H) Hell (Z) Zot
Where to? (Enter - Zot:2, ? - help)
An Orb Guardian comes into view.
(D) Dungeon (T) Temple (L) Lair (S) Swamp (N) Spider Nest (M) Slime Pits (O) Orcish Mines (E) Elven Halls (V) Vaults (C) Crypt (W) Tomb (U) Depths (H) Hell (Z) Zot
Where to? (Enter - Zot:1, ? - help)
What level of the Realm of Zot? (default 1, ? - help)
An Orb Guardian is nearby!
Unknown command.
Unknown command.
Casting: Iron Shot (safe; 0% risk of failure)
Confirm with . or Enter, or press ? or * to list all spells.
Aiming: Poisonous Vapours (safe; 1% risk of failure)
Press: ? - help, Dir - move target, f - Orb Guardian
Aim: an Orb Guardian Poisonous vapours surround the Orb Guardian!
The Orb Guardian is poisoned.
You now have 35/42 mp.
Casting: Poisonous Vapours (safe; 1% risk of failure)
Confirm with . or Enter, or press ? or * to list all spells.
Aiming: Poisonous Vapours (safe; 1% risk of failure)
Press: ? - help, Dir - move target, f/p - Orb Guardian
Aim: an Orb Guardian (lightly wounded, very poisoned) Poisonous vapours surround the Orb Guardian!
The Orb Guardian looks as sick as possible!
You now have 33/42 mp.
Casting: Poisonous Vapours (safe; 1% risk of failure)
Confirm with . or Enter, or press ? or * to list all spells.
You ignite the poison in your surroundings!
The Orb Guardian seems to burn from within!!!
The Orb Guardian is almost dead.
You now have 30/42 mp.
Casting: Ignite Poison (safe; 1% risk of failure)
Confirm with . or Enter, or press ? or * to list all spells.
Aiming: Iron Shot (safe; 0% risk of failure)
Press: ? - help, Shift-Dir - straight line, f/p - Orb Guardian
Aim: an Orb Guardian (almost dead, 73% to hit)
The iron shot misses the Orb Guardian.
The Orb Guardian hits you.
You take 1 damage, and have 195/196 hp.
You now have 25/42 mp.
Casting: Iron Shot (safe; 0% risk of failure)
Confirm with . or Enter, or press ? or * to list all spells.
Aiming: Iron Shot (safe; 0% risk of failure)
Press: ? - help, Shift-Dir - straight line, f/p - Orb Guardian
Aim: an Orb Guardian (almost dead, 73% to hit)
The iron shot hits the Orb Guardian!!!
You kill the Orb Guardian!
Sif Muna accepts your kill.
You now have 19/42 mp.
(D) Dungeon (T) Temple (L) Lair (S) Swamp (N) Spider Nest (M) Slime Pits (O) Orcish Mines (E) Elven Halls (V) Vaults (C) Crypt (W) Tomb (U) Depths (H) Hell (Z) Zot
Where to? (Enter - Depths:4 @ (x,y), ? - help) HP restored.
There is an open door here.
There is a stone staircase leading up here.
You fly upwards.
There is a stone staircase leading down here.
Health restored: 196 You regained 10 mp, and now have 29/42 mp.
(D) Dungeon (T) Temple (L) Lair (S) Swamp (N) Spider Nest (M) Slime Pits (O) Orcish Mines (E) Elven Halls (V) Vaults (C) Crypt (W) Tomb (U) Depths (H) Hell (Z) Zot
Where to? (Enter - Zot:1, ? - help)
Things that are here:
a +0 cloak; a +0 long sword
Items here: ))) [[.
Things that are here:
a +0 cloak; a +0 battleaxe
There is a gate leading back out of this place here.
You fly up through the gate.
Welcome back to the Depths!
There is a gate to the Realm of Zot here.
You regained 3 mp, and now have 32/42 mp.
(D) Dungeon (T) Temple (L) Lair (S) Swamp (N) Spider Nest (M) Slime Pits (O) Orcish Mines (E) Elven Halls (V) Vaults (C) Crypt (W) Tomb (U) Depths (H) Hell (Z) Zot
Where to? (Enter - Depths:4, ? - help)
You see here a +0 battleaxe.
You see here a +0 hand axe.
You see here a +1 scimitar of holy wrath.
Juexiu comes into view.
You regained 3 mp, and now have 35/42 mp.
Unknown command.
Blink to where?
Press: ? - help, Dir - move target
As you read the scroll of blinking, it crumbles to dust.
An Orb Guardian comes into view.
You fly upwards.
There is a stone staircase leading down here.
(D) Dungeon (T) Temple (L) Lair (S) Swamp (N) Spider Nest (M) Slime Pits (O) Orcish Mines (E) Elven Halls (V) Vaults (C) Crypt (W) Tomb (U) Depths (H) Hell (Z) Zot
Where to? (Enter - Depths:3, ? - help)
There is a stone staircase leading up here.
You fly upwards.
There is a stone staircase leading down here.
You regained 3 mp, and now have 39/42 mp.
(D) Dungeon (T) Temple (L) Lair (S) Swamp (N) Spider Nest (M) Slime Pits (O) Orcish Mines (E) Elven Halls (V) Vaults (C) Crypt (W) Tomb (U) Depths (H) Hell (Z) Zot
Where to? (Enter - Depths:2, ? - help) Have to go through Depths:3.
Continue? [Y]es or [N]o only, please.
Have to go through Depths:3.
Continue?
Okay, then.
Casting: Iron Shot (safe; 0% risk of failure)
Confirm with . or Enter, or press ? or * to list all spells.
The dungeon rumbles!
Ka-crash!
You now have 30/42 mp.
A Hell Sentinel comes into view.
You regained 2 mp, and now have 32/42 mp.
(D) Dungeon (T) Temple (L) Lair (S) Swamp (N) Spider Nest (M) Slime Pits (O) Orcish Mines (E) Elven Halls (V) Vaults (C) Crypt (W) Tomb (U) Depths (H) Hell (Z) Zot
Where to? (Enter - Depths:2 @ (x,y), ? - help)
A Hell Sentinel is nearby!
Casting: Shatter (dangerous; 1% risk of failure)
Confirm with . or Enter, or press ? or * to list all spells.
You can't see any susceptible monsters within range! (Use Z to cast anyway.)
Casting: Shatter (dangerous; 1% risk of failure)
Confirm with . or Enter, or press ? or * to list all spells.
Aiming: Iron Shot (safe; 0% risk of failure)
Press: ? - help, Shift-Dir - straight line, f - Hell Sentinel
Aim: a Hell Sentinel (98% to hit)
The iron shot hits the Hell Sentinel!!!
The Hell Sentinel is moderately wounded.
The Hell Sentinel gestures at you. The iron shot hits you!!!
You take 60 damage, and have 136/196 hp.
MASSIVE DAMAGE!!
You now have 27/42 mp.
Casting: Iron Shot (safe; 0% risk of failure)
Confirm with . or Enter, or press ? or * to list all spells.
Aiming: Iron Shot (safe; 0% risk of failure)
Press: ? - help, Shift-Dir - straight line, f/p - Hell Sentinel
Aim: a Hell Sentinel (moderately wounded, 98% to hit)
The iron shot hits the Hell Sentinel!!!
The Hell Sentinel is heavily wounded.
The Hell Sentinel gestures at you. The iron shot hits you!
You take 7 damage, and have 129/196 hp.
You now have 21/42 mp.
Casting: Iron Shot (safe; 0% risk of failure)
Confirm with . or Enter, or press ? or * to list all spells.
Aiming: Iron Shot (safe; 0% risk of failure)
Press: ? - help, Shift-Dir - straight line, f/p - Hell Sentinel
Aim: a Hell Sentinel (heavily wounded, 98% to hit)
The iron shot hits the Hell Sentinel!
The Hell Sentinel is severely wounded.
A chaos spawn comes into view.
You now have 16/42 mp.
Casting: Iron Shot (safe; 0% risk of failure)
Confirm with . or Enter, or press ? or * to list all spells.
Aiming: Iron Shot (safe; 0% risk of failure)
Press: ? - help, Shift-Dir - straight line, f/p - Hell Sentinel
Aim: a Hell Sentinel (severely wounded, 98% to hit)
The iron shot hits the Hell Sentinel!!!
You kill the Hell Sentinel!
Sif Muna accepts your kill.
You now have 10/42 mp.
A chaos spawn is nearby!
A chaos spawn is nearby!
There is an open door here.
You feel much better.
You regained 34 hp, and now have 165/196 hp.
You feel much better.
You regained 27 hp, and now have 192/196 hp.
Magic courses through your body.
You regained 22 mp, and now have 33/42 mp.
Casting: Iron Shot (safe; 0% risk of failure)
Confirm with . or Enter, or press ? or * to list all spells.
Aiming: Iron Shot (safe; 0% risk of failure)
Press: ? - help, Shift-Dir - straight line, f - chaos spawn
Aim: a chaos spawn (76% to hit)
The iron shot hits the chaos spawn!!
The chaos spawn is almost dead.
You now have 27/42 mp.
Casting: Iron Shot (safe; 0% risk of failure)
Confirm with . or Enter, or press ? or * to list all spells.
Aiming: Iron Shot (safe; 0% risk of failure)
Press: ? - help, Shift-Dir - straight line, f/p - chaos spawn
Aim: a chaos spawn (almost dead, 76% to hit)
The iron shot hits the chaos spawn!!!
You kill the chaos spawn!
Sif Muna accepts your kill.
The chaos spawn degenerates into a cloud of primal chaos!
You now have 21/42 mp.
(D) Dungeon (T) Temple (L) Lair (S) Swamp (N) Spider Nest (M) Slime Pits (O) Orcish Mines (E) Elven Halls (V) Vaults (C) Crypt (W) Tomb (U) Depths (H) Hell (Z) Zot
Where to? (Enter - Depths:1, ? - help) HP restored.
There is a stone staircase leading down here.
There is a stone staircase leading up here.
You fly upwards.
There is a stone staircase leading down here.
Health restored: 196 You regained 6 mp, and now have 27/42 mp.
(D) Dungeon (T) Temple (L) Lair (S) Swamp (N) Spider Nest (M) Slime Pits (O) Orcish Mines (E) Elven Halls (V) Vaults (C) Crypt (W) Tomb (U) Depths (H) Hell (Z) Zot
Where to? (Enter - Depths:1, ? - help)
An orange demon comes into view.
The orange demon screeches!
Casting: Iron Shot (safe; 0% risk of failure)
Confirm with . or Enter, or press ? or * to list all spells.
You can't see any susceptible monsters within range! (Use Z to cast anyway.)
Casting: Iron Shot (safe; 0% risk of failure)
Confirm with . or Enter, or press ? or * to list all spells.
Aiming: Poisonous Vapours (safe; 1% risk of failure)
Press: ? - help, Dir - move target, f - orange demon
Aim: an orange demon Poisonous vapours surround the orange demon!
The orange demon is poisoned.
You now have 26/42 mp.
Casting: Poisonous Vapours (safe; 1% risk of failure)
Confirm with . or Enter, or press ? or * to list all spells.
Aiming: Poisonous Vapours (safe; 1% risk of failure)
Press: ? - help, Dir - move target, f/p - orange demon
Aim: an orange demon (lightly wounded, very poisoned) Poisonous vapours surround the orange demon!
The orange demon looks as sick as possible!
You now have 25/42 mp.
Casting: Poisonous Vapours (safe; 1% risk of failure)
Confirm with . or Enter, or press ? or * to list all spells.
You ignite the poison in your surroundings!
The orange demon seems to burn from within!!!
You kill the orange demon!
Sif Muna accepts your kill.
You now have 22/42 mp.
(D) Dungeon (T) Temple (L) Lair (S) Swamp (N) Spider Nest (M) Slime Pits (O) Orcish Mines (E) Elven Halls (V) Vaults (C) Crypt (W) Tomb (U) Depths (H) Hell (Z) Zot
Where to? (Enter - D:15, ? - help)
You see here a +0 hand axe.
There is a staircase back to the Dungeon here.
You fly upwards.
Welcome back to the Dungeon!
There is a staircase to the Depths here.
You regained 7 mp, and now have 29/42 mp.
(D) Dungeon (T) Temple (L) Lair (S) Swamp (N) Spider Nest (M) Slime Pits (O) Orcish Mines (E) Elven Halls (V) Vaults (C) Crypt (W) Tomb (U) Depths (H) Hell (Z) Zot
Where to? (Enter - D:15, ? - help)
There is an open door here.
You see here 3 large rocks.
You see here a +0 longbow.
There is an open door here.
There is an open door here.
Magic restored.
There is an open door here.
There is a stone staircase leading up here.
You fly upwards.
There is a stone staircase leading down here.
MP restored: 42
(D) Dungeon (T) Temple (L) Lair (S) Swamp (N) Spider Nest (M) Slime Pits (O) Orcish Mines (E) Elven Halls (V) Vaults (C) Crypt (W) Tomb (U) Depths (H) Hell (Z) Zot
Where to? (Enter - D:14, ? - help)
A Brimstone Fiend comes into view.
There is a stone staircase leading up here.
You fly upwards.
There is a stone staircase leading down here.
(D) Dungeon (T) Temple (L) Lair (S) Swamp (N) Spider Nest (M) Slime Pits (O) Orcish Mines (E) Elven Halls (V) Vaults (C) Crypt (W) Tomb (U) Depths (H) Hell (Z) Zot
Where to? (Enter - D:13, ? - help)
There is a stone staircase leading up here.
You fly upwards.
There is a stone staircase leading down here.
(D) Dungeon (T) Temple (L) Lair (S) Swamp (N) Spider Nest (M) Slime Pits (O) Orcish Mines (E) Elven Halls (V) Vaults (C) Crypt (W) Tomb (U) Depths (H) Hell (Z) Zot
Where to? (Enter - D:12, ? - help)
There is an open door here.
You see here 3 stones.
There is a stone staircase leading up here.
You fly upwards.
There is a stone staircase leading down here.
(D) Dungeon (T) Temple (L) Lair (S) Swamp (N) Spider Nest (M) Slime Pits (O) Orcish Mines (E) Elven Halls (V) Vaults (C) Crypt (W) Tomb (U) Depths (H) Hell (Z) Zot
Where to? (Enter - D:11, ? - help)
There is a stone staircase leading up here.
You fly upwards.
Level annotation: 1 runed translucent door
There is a stone staircase leading down here.
(D) Dungeon (T) Temple (L) Lair (S) Swamp (N) Spider Nest (M) Slime Pits (O) Orcish Mines (E) Elven Halls (V) Vaults (C) Crypt (W) Tomb (U) Depths (H) Hell (Z) Zot
Where to? (Enter - D:10, ? - help)
There is an open door here.
There is a stone staircase leading up here.
You fly upwards.
There is a stone staircase leading down here.
(D) Dungeon (T) Temple (L) Lair (S) Swamp (N) Spider Nest (M) Slime Pits (O) Orcish Mines (E) Elven Halls (V) Vaults (C) Crypt (W) Tomb (U) Depths (H) Hell (Z) Zot
Where to? (Enter - D:9, ? - help)
There is an open door here.
A cherub comes into view.
It is wielding a +0 falchion of flaming.
Unknown command.
There is an open door here.
Casting: Ignite Poison (safe; 1% risk of failure)
Confirm with . or Enter, or press ? or * to list all spells.
You can't see any susceptible monsters within range! (Use Z to cast anyway.) Unknown command.
Casting: Ignite Poison (safe; 1% risk of failure)
Confirm with . or Enter, or press ? or * to list all spells.
You can't see any susceptible monsters within range! (Use Z to cast anyway.) Unknown command.
You feel yourself speed up.
The cherub unwields a +0 falchion of flaming.
It stops flaming.
The cherub wields a +0 sling.
The cherub shoots a sling bullet.
The sling bullet hits you.
You take 3 damage, and have 193/196 hp.
Things that are here:
a +0 leather armour; a +2 flail of holy wrath Health restored: 196 An Orb Guardian comes into view.
Casting: Ignite Poison (safe; 1% risk of failure)
Confirm with . or Enter, or press ? or * to list all spells.
Aiming: Iron Shot (safe; 0% risk of failure)
Press: ? - help, Shift-Dir - straight line, f - Orb Guardian
Aim: an Orb Guardian (73% to hit)
The iron shot hits the Orb Guardian!!
The Orb Guardian is heavily wounded.
You now have 36/42 mp.
Casting: Iron Shot (safe; 0% risk of failure)
Confirm with . or Enter, or press ? or * to list all spells.
Aiming: Iron Shot (safe; 0% risk of failure)
Press: ? - help, Shift-Dir - straight line, f/p - Orb Guardian
Aim: an Orb Guardian (heavily wounded, 73% to hit)
The iron shot hits the Orb Guardian!!!
The Orb Guardian is almost dead.
The Orb Guardian hits you!!
You take 21 damage, and have 175/196 hp.
You now have 30/42 mp.
Casting: Iron Shot (safe; 0% risk of failure)
Confirm with . or Enter, or press ? or * to list all spells.
Aiming: Iron Shot (safe; 0% risk of failure)
Press: ? - help, Shift-Dir - straight line, f/p - Orb Guardian
Aim: an Orb Guardian (almost dead, 73% to hit)
The iron shot hits the Orb Guardian!!!
You kill the Orb Guardian!
Sif Muna accepts your kill.
You now have 24/42 mp.
You regained 5 hp, and now have 180/196 hp.
You regained 3 mp, and now have 27/42 mp.
There is a stone staircase leading up here.
You fly upwards.
There is a stone staircase leading down here.
(D) Dungeon (T) Temple (L) Lair (S) Swamp (N) Spider Nest (M) Slime Pits (O) Orcish Mines (E) Elven Halls (V) Vaults (C) Crypt (W) Tomb (U) Depths (H) Hell (Z) Zot
Where to? (Enter - D:9 @ (x,y), ? - help)
You see here a +0 hand axe.
Items here: )) [[.
Your extra speed is starting to run out.
There is a stone staircase leading up here.
You feel yourself slow down.
You fly upwards.
Level annotation: 3 runed translucent doors, AnyaLaVert's ghost, novice HOFi
There is a stone staircase leading down here.
You regained 9 hp, and now have 191/196 hp.
You regained 4 mp, and now have 32/42 mp.
(D) Dungeon (T) Temple (L) Lair (S) Swamp (N) Spider Nest (M) Slime Pits (O) Orcish Mines (E) Elven Halls (V) Vaults (C) Crypt (W) Tomb (U) Depths (H) Hell (Z) Zot
Where to? (Enter - D:7, ? - help)
An orange demon comes into view.
You regained 2 hp, and now have 193/196 hp.
Casting: Iron Shot (safe; 0% risk of failure)
Confirm with . or Enter, or press ? or * to list all spells.
Aiming: Poisonous Vapours (safe; 1% risk of failure)
Press: ? - help, Dir - move target, f - orange demon
Aim: an orange demon (wandering, hasn't noticed you) Poisonous vapours surround the orange demon!
The orange demon looks as sick as possible!
You now have 32/42 mp.
Casting: Poisonous Vapours (safe; 1% risk of failure)
Confirm with . or Enter, or press ? or * to list all spells.
Aiming: Iron Shot (safe; 0% risk of failure)
Press: ? - help, Shift-Dir - straight line, f/p - orange demon
Aim: an orange demon (extremely poisoned, 88% to hit)
The iron shot hits the orange demon!!!
You kill the orange demon!
Sif Muna accepts your kill.
Some rock shatters into small pieces.
A cacodemon comes into view.
You now have 26/42 mp.
Casting: Iron Shot (safe; 0% risk of failure)
Confirm with . or Enter, or press ? or * to list all spells.
Aiming: Iron Shot (safe; 0% risk of failure)
Press: ? - help, Shift-Dir - straight line, f - cacodemon
Aim: a cacodemon (81% to hit)
The iron shot hits the cacodemon!!!
The cacodemon is heavily wounded.
You now have 20/42 mp.
Casting: Iron Shot (safe; 0% risk of failure)
Confirm with . or Enter, or press ? or * to list all spells.
Aiming: Iron Shot (safe; 0% risk of failure)
Press: ? - help, Shift-Dir - straight line, f/p - cacodemon
Aim: a cacodemon (heavily wounded, 81% to hit)
The iron shot hits the cacodemon!!!
You kill the cacodemon!
Sif Muna accepts your kill.
You now have 15/42 mp.
(D) Dungeon (T) Temple (L) Lair (S) Swamp (N) Spider Nest (M) Slime Pits (O) Orcish Mines (E) Elven Halls (V) Vaults (C) Crypt (W) Tomb (U) Depths (H) Hell (Z) Zot
Where to? (Enter - D:6, ? - help)
A hellion comes into view.
Casting: Iron Shot (safe; 0% risk of failure)
Confirm with . or Enter, or press ? or * to list all spells.
Aiming: Iron Shot (safe; 0% risk of failure)
Press: ? - help, Shift-Dir - straight line, f - hellion
Aim: a hellion (81% to hit)
The iron shot hits the hellion!!!
You kill the hellion!
Sif Muna accepts your kill.
Health restored: 196 You now have 9/42 mp.
Casting: Iron Shot (safe; 0% risk of failure)
Confirm with . or Enter, or press ? or * to list all spells.
You can't see any susceptible monsters within range! (Use Z to cast anyway.) Unknown command.
(D) Dungeon (T) Temple (L) Lair (S) Swamp (N) Spider Nest (M) Slime Pits (O) Orcish Mines (E) Elven Halls (V) Vaults (C) Crypt (W) Tomb (U) Depths (H) Hell (Z) Zot
Where to? (Enter - D:6, ? - help)
A demonspawn warmonger and a reaper come into view.
The demonspawn warmonger is wielding a +2 antimagic bardiche.
The reaper is wielding a +2 scythe of venom.
Unknown command.
There is a stone staircase leading up here.
You block the demonspawn warmonger's attack.
You block the reaper's attack.
You fly upwards.
Level annotation: Maggie
There is a stone staircase leading down here.
Magic courses through your body.
You regained 16 mp, and now have 28/42 mp.
(D) Dungeon (T) Temple (L) Lair (S) Swamp (N) Spider Nest (M) Slime Pits (O) Orcish Mines (E) Elven Halls (V) Vaults (C) Crypt (W) Tomb (U) Depths (H) Hell (Z) Zot
Where to? (Enter - D:6, ? - help)
There is an open door here.
There is an open door here.
There is a stone staircase leading up here.
You fly upwards.
There is a stone staircase leading down here.
You regained 7 mp, and now have 35/42 mp.
(D) Dungeon (T) Temple (L) Lair (S) Swamp (N) Spider Nest (M) Slime Pits (O) Orcish Mines (E) Elven Halls (V) Vaults (C) Crypt (W) Tomb (U) Depths (H) Hell (Z) Zot
Where to? (Enter - D:5, ? - help) Magic restored.
A green death comes into view.
MP restored: 42
Casting: Iron Shot (safe; 0% risk of failure)
Confirm with . or Enter, or press ? or * to list all spells.
Aiming: Iron Shot (safe; 0% risk of failure)
Press: ? - help, Shift-Dir - straight line, f - green death
Aim: a green death (88% to hit)
The iron shot hits the green death!!!
The green death is almost dead.
You now have 36/42 mp.
Casting: Iron Shot (safe; 0% risk of failure)
Confirm with . or Enter, or press ? or * to list all spells.
Aiming: Iron Shot (safe; 0% risk of failure)
Press: ? - help, Shift-Dir - straight line, f/p - green death
Aim: a green death (almost dead, 88% to hit)
The iron shot hits the green death!!!
You kill the green death!
Sif Muna accepts your kill.
You now have 30/42 mp.
(D) Dungeon (T) Temple (L) Lair (S) Swamp (N) Spider Nest (M) Slime Pits (O) Orcish Mines (E) Elven Halls (V) Vaults (C) Crypt (W) Tomb (U) Depths (H) Hell (Z) Zot
Where to? (Enter - D:4, ? - help)
There is a stone staircase leading up here.
You fly upwards.
Level annotation: Dowan
There is a stone staircase leading down here.
You regained 2 mp, and now have 32/42 mp.
(D) Dungeon (T) Temple (L) Lair (S) Swamp (N) Spider Nest (M) Slime Pits (O) Orcish Mines (E) Elven Halls (V) Vaults (C) Crypt (W) Tomb (U) Depths (H) Hell (Z) Zot
Where to? (Enter - D:4, ? - help)
There is a large open door here.
There is a large open door here.
Things that are here:
a +0 ring mail; a +0 club An Orb Guardian comes into view.
You regained 7 mp, and now have 39/42 mp.
Casting: Iron Shot (safe; 0% risk of failure)
Confirm with . or Enter, or press ? or * to list all spells.
Aiming: Poisonous Vapours (safe; 1% risk of failure)
Press: ? - help, Dir - move target, f - Orb Guardian
Aim: an Orb Guardian Poisonous vapours surround the Orb Guardian!
The Orb Guardian is poisoned.
You now have 38/42 mp.
Casting: Poisonous Vapours (safe; 1% risk of failure)
Confirm with . or Enter, or press ? or * to list all spells.
Aiming: Poisonous Vapours (safe; 1% risk of failure)
Press: ? - help, Dir - move target, f/p - Orb Guardian
Aim: an Orb Guardian (very poisoned) Poisonous vapours surround the Orb Guardian!
The Orb Guardian looks as sick as possible!
You now have 36/42 mp.
Casting: Poisonous Vapours (safe; 1% risk of failure)
Confirm with . or Enter, or press ? or * to list all spells.
You ignite the poison in your surroundings!
The Orb Guardian seems to burn from within!!!!
You kill the Orb Guardian!
Sif Muna accepts your kill.
You now have 33/42 mp.
There is an open door here.
There is an open door here.
You regained 3 mp, and now have 36/42 mp.
Duvessa, Sister of Dowan comes into view.
She is wielding a +3 short sword of speed.
Duvessa shouts!
Dowan shouts!
Casting: Ignite Poison (safe; 1% risk of failure)
Confirm with . or Enter, or press ? or * to list all spells.
Aiming: Iron Shot (safe; 0% risk of failure)
Press: ? - help, Shift-Dir - straight line, f - Duvessa
Aim: Duvessa, wielding a +3 short sword of speed and wearing a +0 leather armour (83% to hit)
The iron shot misses Duvessa.
The iron shot hits Dowan!!!
You kill Dowan!
Sif Muna accepts your kill.
Duvessa weeps, and shakes her weapon.
Duvessa goes berserk!
You block Duvessa's attack. Duvessa hits you but does no damage.
You now have 32/42 mp.
Casting: Iron Shot (safe; 0% risk of failure)
Confirm with . or Enter, or press ? or * to list all spells.
Aiming: Iron Shot (safe; 0% risk of failure)
Press: ? - help, Shift-Dir - straight line, f/p - Duvessa
Aim: Duvessa, wielding a +3 short sword of speed and wearing a +0 leather armour (berserk, 83% to hit)
The iron shot hits Duvessa!!!
You kill Duvessa!
Sif Muna accepts your kill.
You now have 26/42 mp.
Casting: Iron Shot (safe; 0% risk of failure)
Confirm with . or Enter, or press ? or * to list all spells.
You can't see any susceptible monsters within range! (Use Z to cast anyway.) Unknown command.
You start resting.
You start resting.
Magic restored.
MP restored: 42
There is a stone staircase leading up here.
Okay, then.
(D) Dungeon (T) Temple (L) Lair (S) Swamp (N) Spider Nest (M) Slime Pits (O) Orcish Mines (E) Elven Halls (V) Vaults (C) Crypt (W) Tomb (U) Depths (H) Hell (Z) Zot
Where to? (Enter - D:4 @ (x,y), ? - help)
You fly upwards.
There is a stone staircase leading down here.
(D) Dungeon (T) Temple (L) Lair (S) Swamp (N) Spider Nest (M) Slime Pits (O) Orcish Mines (E) Elven Halls (V) Vaults (C) Crypt (W) Tomb (U) Depths (H) Hell (Z) Zot
Where to? (Enter - D:3, ? - help) 2 orange demons come into view.
(D) Dungeon (T) Temple (L) Lair (S) Swamp (N) Spider Nest (M) Slime Pits (O) Orcish Mines (E) Elven Halls (V) Vaults (C) Crypt (W) Tomb (U) Depths (H) Hell (Z) Zot
Where to? (Enter - D:2, ? - help)
What level of the Realm of Zot? (default 1, ? - help)
Okay, then.
A sixfirhy comes into view.
The orange demon screeches!
The orange demon moves out of view.
You block the sixfirhy's attack.
You see here a +0 dagger.
You block the sixfirhy's attack. x3
The sixfirhy hits you but does no damage.
The sixfirhy attacks as you move away!
The sixfirhy hits you but does no damage.
Casting: Iron Shot (safe; 0% risk of failure)
Confirm with . or Enter, or press ? or * to list all spells.
You begin to radiate toxic energy.
The orange demon is poisoned.
The sixfirhy is poisoned.
The sixfirhy looks even sicker.
Your toxic aura wanes.
The sixfirhy hits you but does no damage.
There is a stone staircase leading up here.
You now have 38/42 mp.
Casting: Olgreb's Toxic Radiance (mildly dangerous; 1% risk of failure)
Confirm with . or Enter, or press ? or * to list all spells.
Aiming: Iron Shot (safe; 0% risk of failure)
Press: ? - help, Shift-Dir - straight line, f - sixfirhy
Aim: a sixfirhy (lightly wounded, very poisoned, 56% to hit)
The iron shot hits the sixfirhy!!!
You kill the sixfirhy!
Sif Muna accepts your kill.
A cacodemon comes into view.
You now have 32/42 mp.
Casting: Iron Shot (safe; 0% risk of failure)
Confirm with . or Enter, or press ? or * to list all spells.
Aiming: Iron Shot (safe; 0% risk of failure)
Press: ? - help, Shift-Dir - straight line, f - orange demon
Aim: an orange demon (moderately wounded, poisoned, 88% to hit)
The iron shot hits the orange demon!!!
You kill the orange demon!
Sif Muna accepts your kill.
You now have 27/42 mp.
Casting: Iron Shot (safe; 0% risk of failure)
Confirm with . or Enter, or press ? or * to list all spells.
You begin to radiate toxic energy.
The orange demon is poisoned.
You now have 23/42 mp.
Casting: Olgreb's Toxic Radiance (mildly dangerous; 1% risk of failure)
Confirm with . or Enter, or press ? or * to list all spells.
You ignite the poison in your surroundings!
The orange demon seems to burn from within!!
The orange demon is severely wounded.
The orange demon is poisoned.
Your toxic aura wanes.
You now have 20/42 mp.
Casting: Ignite Poison (safe; 1% risk of failure)
Confirm with . or Enter, or press ? or * to list all spells.
Aiming: Iron Shot (safe; 0% risk of failure)
Press: ? - help, Shift-Dir - straight line, f - orange demon
Aim: an orange demon (almost dead, poisoned, 88% to hit)
The iron shot hits the orange demon!!!
You kill the orange demon!
Sif Muna accepts your kill.
You now have 15/42 mp.
Casting: Iron Shot (safe; 0% risk of failure)
Confirm with . or Enter, or press ? or * to list all spells.
Aiming: Iron Shot (safe; 0% risk of failure)
Press: ? - help, Shift-Dir - straight line, f - cacodemon
Aim: a cacodemon (81% to hit)
The iron shot misses the cacodemon.
You now have 9/42 mp.
Casting: Iron Shot (safe; 0% risk of failure)
Confirm with . or Enter, or press ? or * to list all spells.
Aiming: Iron Shot (safe; 0% risk of failure)
Press: ? - help, Shift-Dir - straight line, f/p - cacodemon
Aim: a cacodemon (81% to hit)
The iron shot hits the cacodemon!!
The cacodemon is moderately wounded.
The cacodemon hits you but does no damage.
You block the cacodemon's attack.
You now have 3/42 mp.
Casting: Iron Shot (safe; 0% risk of failure)
Confirm with . or Enter, or press ? or * to list all spells.
You don't have enough magic to cast this spell.
Unknown command.
You thump the cacodemon! You burn the cacodemon.
The cacodemon is heavily wounded.
You block the cacodemon's attack.
The cacodemon hits you but does no damage.
You barely miss the cacodemon.
The cacodemon is heavily wounded.
The cacodemon gestures at you. The bolt of energy hits you!!
You take 24 damage, and have 172/196 hp.
You sock the cacodemon! You burn the cacodemon.
The cacodemon is heavily wounded.
The cacodemon gestures at you. The bolt of energy misses you.
You block the cacodemon's attack.
The cacodemon hits you but does no damage.
You sock the cacodemon! You burn the cacodemon.
The cacodemon is severely wounded.
The cacodemon gestures at you.
Strange energies course through your body.
You hit the cacodemon but do no damage.
The cacodemon is severely wounded.
The cacodemon barely misses you.
The cacodemon hits you but does no damage.
The cacodemon gestures at you. The bolt of energy hits you!
You take 16 damage, and have 158/196 hp.
You hit the cacodemon. You burn the cacodemon.
The cacodemon is almost dead.
The cacodemon hits you but does no damage. x2
You closely miss the cacodemon.
The cacodemon is almost dead.
The cacodemon gestures at you.
Strange energies course through your body.
You occasionally lose the ability to drink potions when taking damage.
The cacodemon hits you but does no damage. x2
You bludgeon the cacodemon!! You burn the cacodemon!
You kill the cacodemon!
Sif Muna accepts your kill.
A tormentor comes into view.
Unknown command.
You fly upwards.
There is a stone staircase leading down here.
(D) Dungeon (T) Temple (L) Lair (S) Swamp (N) Spider Nest (M) Slime Pits (O) Orcish Mines (E) Elven Halls (V) Vaults (C) Crypt (W) Tomb (U) Depths (H) Hell (Z) Zot
Where to? (Enter - D:2, ? - help)
There is a stone staircase leading up here.
You fly upwards.
There is a stone staircase leading down here.
You regained 14 hp, and now have 176/196 hp.
You regained 8 mp, and now have 15/42 mp.
Really quaff the potion of mutation?
You feel extremely strange.
Your vision seems duller.
Your skin no longer functions as natural camouflage.
You feel less in control of your magic.
You feel more energetic.
Really quaff the potion of mutation?
You feel extremely strange.
You feel stronger.
You feel more encumbered by your armour.
Large bone plates grow over parts of your arms.
You feel weaker.
Really quaff the potion of mutation?
You feel extremely strange.
You no longer become unable to drink potions after taking damage.
You regain control of your magic.
You feel resistant to cold.
(D) Dungeon (T) Temple (L) Lair (S) Swamp (N) Spider Nest (M) Slime Pits (O) Orcish Mines (E) Elven Halls (V) Vaults (C) Crypt (W) Tomb (U) Depths (H) Hell (Z) Zot
Where to? (Enter - D:1, ? - help)
Okay, then.
(D) Dungeon (T) Temple (L) Lair (S) Swamp (N) Spider Nest (M) Slime Pits (O) Orcish Mines (E) Elven Halls (V) Vaults (C) Crypt (W) Tomb (U) Depths (H) Hell (Z) Zot
Where to? (Enter - D:1, ? - help)
What level of the Dungeon? (default 1, ? - help)
An Executioner comes into view.
Casting: Iron Shot (safe; 0% risk of failure)
Confirm with . or Enter, or press ? or * to list all spells.
Aiming: Borgnjor's Vile Clutch (safe; 1% risk of failure)
Press: ? - help, Shift-Dir - straight line, f - Executioner
Aim: an Executioner (100% to hit)
Zombie hands grab the Executioner.
The zombie hands constrict the Executioner!
You now have 12/46 mp.
Casting: Borgnjor's Vile Clutch (safe; 1% risk of failure)
Confirm with . or Enter, or press ? or * to list all spells.
Aiming: Iron Shot (safe; 0% risk of failure)
Press: ? - help, Shift-Dir - straight line, f/p - Executioner
Aim: an Executioner (moderately wounded, constricted by zombie hands, 100% to hit)
The iron shot hits the Executioner!!!
You kill the Executioner!
Sif Muna accepts your kill.
You now have 6/46 mp.
(D) Dungeon (T) Temple (L) Lair (S) Swamp (N) Spider Nest (M) Slime Pits (O) Orcish Mines (E) Elven Halls (V) Vaults (C) Crypt (W) Tomb (U) Depths (H) Hell (Z) Zot
Where to? (Enter - D:1 @ (x,y), ? - help)
Okay, then.
Magic courses through your body.
You regained 22 mp, and now have 28/46 mp.
Magic courses through your body.
MP restored: 46
(D) Dungeon (T) Temple (L) Lair (S) Swamp (N) Spider Nest (M) Slime Pits (O) Orcish Mines (E) Elven Halls (V) Vaults (C) Crypt (W) Tomb (U) Depths (H) Hell (Z) Zot
Where to? (Enter - D:1 @ (x,y), ? - help)
Okay, then.
(D) Dungeon (T) Temple (L) Lair (S) Swamp (N) Spider Nest (M) Slime Pits (O) Orcish Mines (E) Elven Halls (V) Vaults (C) Crypt (W) Tomb (U) Depths (H) Hell (Z) Zot
Where to? (Enter - D:1 @ (x,y), ? - help)
What level of the Dungeon? (default 1, ? - help) HP restored.
There is an open door here.
There is a staircase leading out of the dungeon here.
Health restored: 196 You can't go down here!
There is a staircase leading out of the dungeon here.
You have escaped!

#### ###....##.###.....#.....
...## ##...#####.##..#.........
....#####.(#######.#.............
..........#####.......#..###.....
.....................##..........
.......####...##........##.......
.......###..#########............
.......##...♣♣#######...#........
.....###♣....♣#.@..##...#........
....## ♣....♣#....####.#........
....# ♣....♣#...##~♣##......#..
###># ####..#.#'#~~♣♣#.#..#.... #
#.# #..#..#.#<#~~~♣#....#.... #
#.# #..#..#'###~~~♣#....#....
###.#####..#♣......~~~♣###..#....
.......##''#♣.....~~~~~# ##.#....
.......##..######.~88~~# #......


There were no monsters in sight!

Vanquished Creatures
  the Royal Jelly (Slime:5)
  2 ancient liches
  3 dread liches (Zot:5)
  Mara (Spider:4)
  Mennas (Vaults:3)
  11 orbs of fire
  2 juggernauts (Depths:3)
  3 royal mummies (Depths:2)
  Boris (Vaults:3)
  Saint Roka (Vaults:2)
  Josephina (Crypt:2)
  6 Killer Klowns
  the Lernaean hydra (Swamp:4)
  Bai Suzhen (Depths:2)
  A curse toe (Zot:5)
  Jory (Vaults:2)
  9 caustic shrikes
  2 bone dragons
  Nikola (Vaults:1)
  8 golden dragons
  the Enchantress (Depths:3)
  4 electric golems
  A Hell Sentinel (Depths:2)
  A shard shrike skeleton (Crypt:1)
  Mlioglotl (Swamp:1)
  20 tentacled monstrosities
  A hellephant (Depths:1)
  4 liches
  An Ice Fiend (IceCv)
  Rupert (Spider:1)
  6 quicksilver dragons
  A walking earthen tome (Depths:3)
  28 Orb Guardians
  A deep elf master archer (Elf:3)
  3 sphinxes
  2 deep elf blademasters (Elf:3)
  A walking divine tome (Depths:3)
  Gastronok (Lair:1)
  9 death cobs
  8 ancient champions
  Kirke (D:15)
  15 acid blobs
  An Executioner (D:1)
  2 thorn hunters (Swamp:1)
  12 storm dragons
  2 tengu reavers
  Agnes (Spider:4)
  10 shadow dragons
  7 fire giants
  A fenstrider witch (Swamp:1)
  9 rockslimes
  Roxanne (D:15)
  4 revenants
  9 draconian monks
  13 azure jellies
  Louise (Swamp:2)
  5 frost giants
  12 draconian knights
  12 vault wardens
  2 iron dragons (Depths:3)
  5 deep elf sorcerers
  Aizul (Vaults:2)
  5 emperor scorpions
  9 ghost moths
  4 orc warlords
  3 cacodemons
  5 draconian stormcallers
  4 draconian scorchers
  4 deep elf elementalists (Elf:3)
  9 draconian shifters
  17 ironbound preservers
  2 curse skulls
  A juggernaut zombie (Crypt:3)
  9 draconian annihilators
  13 quicksilver oozes
  13 stone giants
  10 ghouls
  A broodmother (Spider:2)
  4 spriggan defenders (Depths:3)
  A broodmother (shapeshifter) (Lair:5)
  20 very ugly things
  18 green draconians
  The ghost of Opnastoc the Severer, a journeyman MiBe of Trog (D:14)
  9 deep elf annihilators
  2 reapers
  14 ironbound thunderhulks
  8 vampire knights
  10 deep elf demonologists (Elf:3)
  16 yellow draconians
  4 eleionomae
  7 purple draconians
  9 red draconians
  14 white draconians
  6 dire elephants
  2 bunyips
  17 black draconians
  5 spark wasps
  2 mummy priests (Depths:2)
  2 crystal guardians (Vaults:3)
  A green death (D:5)
  4 eidola
  A merfolk javelineer (Depths:3)
  13 entropy weavers
  A shambling mangrove (Swamp:4)
  9 fire dragons
  10 deep elf death magi
  3 deep elf high priests
  8 ettins
  7 jiangshi
  8 great orbs of eyes
  13 hydras
  9 yaktaur captains
  2 rakshasas
  Harold (D:11)
  A ghost crab (Swamp:1)
  4 vault guards
  3 caustic shrike simulacra
  2 ogre magi
  2 jorogumos (Spider:4)
  5 ice dragons
  2 peacekeepers
  9 ironbound frosthearts
  The ghost of Huxoxzufuz the Blocker, a journeyman GnFi of Hepliaklqana (Lair:1)
  5 spriggan air magi
  2 demonspawn (Orc:2)
  16 centaur warriors
  An Orb Guardian zombie (Crypt:3)
  2 spriggan skeletons (Crypt:3)
  3 two-headed ogres
  4 catoblepae
  4 radroaches
  16 alligators
  3 deep troll shamans
  3 thrashing horrors (Lair:5)
  8 boulder beetles
  8 hell hogs (Depths:1)
  A death knight (Crypt:1)
  6 tengu warriors
  5 death scarabs (Spider:4)
  9 deep troll earth magi
  6 orc high priests
  Urug (Orc:1)
  17 dancing weapons
  4 spriggan berserkers
  10 vampire magi
  15 hell knights
  A skyshark (Lair:5)
  A sun moth (Spider:4)
  A soul eater (Orc:2)
  11 deep elf knights
  6 iron trolls
  8 pharaoh ants
  A sixfirhy (D:3)
  2 spriggan druids
  70 deep trolls
  4 shadow wraiths
  A storm dragon skeleton (Crypt:3)
  9 flayed ghosts
  A deep troll (shapeshifter) (Lair:5)
  63 skeletal warriors
  5 goliath frogs
  15 bog bodies
  3 glowing orange brains
  A glowing orange brain (shapeshifter) (Lair:5)
  2 obsidian statues
  An iron giant zombie (Crypt:1)
  12 orb spiders
  5 lindwurms
  14 deep elf archers
  8 steelbarb worms
  11 phantasmal warriors
  7 wizards
  3 spectral wolf spiders (Spider:4)
  A fenstrider witch simulacrum (Crypt:2)
  11 swamp dragons
  2 wolf spider zombies (Spider:4)
  14 ironbound convokers
  A bunyip skeleton (Crypt:3)
  12 spriggan simulacra (IceCv)
  4 harpies
  A spectral jorogumo (Spider:4)
  Pikel (D:3)
  7 necromancers
  A golden dragon skeleton (Crypt:3)
  23 deep elf zephyrmancers
  29 deep elf pyromancers
  2 wolf spiders (shapeshifter)
  An iron dragon zombie (Crypt:3)
  19 orc knights
  4 will-o-the-wisps
  19 wolf spiders
  33 moths of wrath
  4 cyclopes
  34 ugly things
  Maurice (D:8)
  11 orc sorcerers
  4 manticores
  6 shining eyes
  6 black mambas
  Joseph (Lair:1)
  14 vault sentinels
  15 elephants
  A torpor snail (shapeshifter) (D:15)
  2 rust devils (Depths:2)
  A smoke demon (Depths:2)
  2 torpor snails (Spider:1)
  8 cane toads
  10 demonic crawlers
  6 orange demons
  7 eyes of devastation
  A hellion (D:7)
  An alligator snapping turtle skeleton (Crypt:3)
  An efreet (D:13)
  An unseen horror (shapeshifter) (Lair:5)
  An unseen horror (D:10)
  3 naga skeletons (Crypt:3)
  A white draconian zombie (Crypt:3)
  4 dire elephant skeletons (Crypt:3)
  An orc skeleton (Crypt:3)
  9 rime drakes
  A redback zombie (Spider:4)
  A yellow draconian zombie (Crypt:3)
  22 yaktaurs
  2 kobold demonologists
  2 ancient zymes (Lair:5)
  7 freezing wraiths
  10 komodo dragons
  4 tengu conjurers
  3 spectral redbacks (Spider:4)
  A guardian mummy (Crypt:3)
  6 trolls
  12 ice devils
  2 hellwings (Depths:2)
  A harpy zombie (Crypt:3)
  A death yak skeleton (Crypt:1)
  15 meliai
  A hydra zombie (Crypt:1)
  A mana viper skeleton (Crypt:1)
  A shadow dragon simulacrum (Crypt:2)
  4 bloated husks
  A tarantella zombie (Spider:4)
  3 polar bears
  Grinder (D:3)
  A hydra skeleton (Crypt:3)
  35 tarantellas
  13 blink frogs (Lair:5)
  2 spectral culicivoras (Spider:4)
  9 tyrant leeches
  A dream sheep (shapeshifter) (D:14)
  16 hornets
  4 harpy skeletons (Crypt:3)
  2 spectral tarantellas (Spider:4)
  An iron dragon simulacrum (Crypt:3)
  A meliai zombie (Crypt:2)
  7 dream sheep (Lair:5)
  2 large abominations (Lair:5)
  36 jumping spiders
  A centaur simulacrum (D:14)
  A culicivora zombie (Spider:4)
  An ettin skeleton (Crypt:3)
  126 slime creatures
  A slime creature (shapeshifter) (Elf:1)
  An alligator skeleton (Crypt:2)
  9 flying skulls (Crypt:3)
  2 shadows (D:11)
  3 air elementals
  8 wraiths
  21 spriggans
  16 culicivoras
  7 water elementals
  A fire bat (shapeshifter) (Depths:4)
  3 vampires
  18 humans
  2 ynoxinuls
  A black mamba skeleton (Crypt:3)
  3 dire elephant simulacra
  A fire elemental (Elf:1)
  2 wyverns (Lair:2)
  57 yaks
  5 hogs (D:15)
  Eustachio (D:6)
  16 golden eyes
  A catoblepas simulacrum (Lair:2)
  9 basilisks
  6 chaos spawn
  8 minotaur simulacra (IceCv)
  13 vampire mosquitoes
  55 redbacks
  3 harpy simulacra
  An acid dragon (shapeshifter) (D:13)
  11 small abominations (Lair:5)
  An entropy weaver zombie (Crypt:2)
  14 water moccasins
  A floating eye (Depths:3)
  9 swamp worms
  2 hydra simulacra (IceCv)
  9 swamp drakes
  Duvessa (D:4)
  2 acid dragons (D:11)
  40 orc warriors
  2 sky beasts
  3 black bears
  2 ettin simulacra
  An ice beast (D:8)
  An alligator simulacrum (IceCv)
  13 ogres
  A dream sheep skeleton (Crypt:1)
  14 wolves
  6 boggarts
  12 centaurs
  A swamp dragon skeleton (Crypt:2)
  A phantom (D:6)
  3 kobold brigands
  2 lemures
  A wyvern zombie (Crypt:1)
  3 cyclops zombies
  7 bullfrogs
  8 deep troll simulacra (IceCv)
  A scorpion (D:6)
  A yaktaur skeleton (Crypt:2)
  3 earth elementals
  5 necrophages
  A water moccasin zombie (Crypt:3)
  A wyvern skeleton (Crypt:3)
  A shapeshifter zombie (Crypt:1)
  5 wights (D:8)
  Dowan (D:4)
  A warg skeleton (Crypt:1)
  A dream sheep simulacrum (Lair:2)
  4 howler monkeys
  An electric eel (Elf:1)
  A troll skeleton (Orc:1)
  A wyvern simulacrum (Lair:2)
  A jelly (D:6)
  A komodo dragon simulacrum (Lair:2)
  34 orc priests
  3 hounds (D:5)
  A water moccasin simulacrum (Lair:2)
  A boggart zombie (Crypt:2)
  4 iguanas
  28 orc wizards
  A killer bee zombie (Crypt:2)
  An ogre zombie (Orc:1)
  12 mummies (Crypt:3)
  A howler monkey zombie (Crypt:2)
  Robin (D:3)
  7 adders
  An orc zombie (Orc:1)
  A swamp drake skeleton (Crypt:2)
  3 shadow imps
  A white imp (D:5)
  An ufetubus (D:6)
  2 orc simulacra (Orc:1)
  A lava snake skeleton (Crypt:2)
  A dart slug (D:1)
  105 orcs
  A ball python (D:1)
  7 endoplasms
  A giant cockroach (D:1)
  10 goblins
  8 hobgoblins
  11 kobolds
  4 quokkas
  3 bats
  A frilled lizard (Depths:4)
  A jackal skeleton (Crypt:2)
  A jackal zombie (D:10)
  4 rats
2531 creatures vanquished.

Vanquished Creatures (others)
  Vv (Crypt:3)
  A draconian knight (Zot:2)
  An eleionoma (Swamp:2)
  A deep elf knight (Elf:1)
  A deep elf zephyrmancer (Elf:1)
  A butterfly (D:14)
  288 foxfires
  60 fungi
  59 plants
413 creatures vanquished.

Grand Total: 2944 creatures vanquished

Notes
Turn   | Place    | Note
-------+----------+-------------------------------------------
     0 | D:1      | steven32 the Gargoyle Fire Elementalist began the quest for
                  | the Orb.
     0 | D:1      | Reached XP level 1. HP: 10/10 MP: 3/3
   354 | D:1      | Reached XP level 2. HP: 15/15 MP: 0/5
   984 | D:2      | Reached XP level 3. HP: 18/19 MP: 1/7
  1376 | D:2      | Identified the +5 flail of Upacvuokh {vamp, Int+3 Dex-5
                  | SInv}
  1398 | D:2      | You fall into a shaft and drop 1 floor!
  1422 | D:3      | Learned a level 2 spell: Scorch
  1542 | D:3      | Noticed Grinder
  1604 | D:2      | Reached XP level 4. HP: 24/24 MP: 3/8
  2023 | D:3      | Noticed an earth elemental
  2024 | D:3      | Found a stormy altar of Qazlal.
  2030 | D:3      | Noticed an air elemental
  2030 | D:3      | Noticed a water elemental
  2030 | D:3      | Noticed a fire elemental
  2053 | D:3      | Found Noalig's Distillery.
  2359 | D:3      | Paralysed by Grinder for 4 turns
  2364 | D:3      | Killed Grinder
  2365 | D:3      | Reached skill level 5 in Fire Magic
  2365 | D:3      | Reached XP level 5. HP: 26/28 MP: 0/11
  2365 | D:3      | Reached XP level 6. HP: 30/32 MP: 0/12
  2688 | D:3      | Noticed Robin
  2843 | D:3      | Bought a potion of curing for 42 gold pieces
  2843 | D:3      | Bought a potion of degeneration for 14 gold pieces
  2985 | D:3      | Killed Robin
  3533 | D:4      | Noticed Pikel
  3547 | D:3      | Killed Pikel
  3548 | D:3      | Reached skill level 5 in Spellcasting
  3548 | D:3      | Reached XP level 7. HP: 10/36 MP: 2/15
  3716 | D:4      | Reached XP level 8. HP: 41/41 MP: 12/16
  3820 | D:4      | Found a shimmering altar of Xom.
  3922 | D:4      | Noticed Dowan
  3944 | D:4      | Found a snail-covered altar of Cheibriados.
  4443 | D:5      | Entered Level 5 of the Dungeon
  4516 | D:5      | Reached skill level 1 in Fighting
  4974 | D:5      | Noticed a hornet
  4980 | D:5      | Killed a hornet
  5132 | D:5      | Reached skill level 5 in Fighting
  5582 | D:6      | Reached skill level 1 in Armour
  5582 | D:6      | Reached XP level 9. HP: 53/55 MP: 9/18
  5651 | D:6      | Noticed Maggie
  5831 | D:6      | Found a hazy altar of Hepliaklqana.
  5940 | D:6      | Noticed Eustachio
  5980 | D:6      | Learned a level 4 spell: Flame Wave
  6015 | D:6      | Killed Eustachio
  6442 | D:7      | Noticed a manticore
  7039 | D:7      | Learned a level 4 spell: Sticky Flame
  7044 | D:7      | Found a runed translucent gate.
  7044 | D:7      | Found a runed translucent gate.
  7044 | D:7      | Found a runed translucent gate.
  7044 | D:7      | Noticed AnyaLaVert's ghost (novice HOFi)
  7072 | D:7      | Found a staircase to the Ecumenical Temple.
  7122 | D:7      | Killed a manticore
  7123 | D:7      | Reached skill level 1 in Evocations
  7418 | D:7      | Found Koweymam's Distillery.
  7423 | D:7      | Bought a potion of haste for 140 gold pieces
  7423 | D:7      | Bought a potion of berserk rage for 70 gold pieces
  7762 | D:8      | Found a blossoming altar of Fedhas.
  8076 | D:8      | Reached XP level 10. HP: 29/60 MP: 12/19
  8258 | D:8      | Found a staircase to the Lair.
  8405 | D:8      | Noticed Maurice
  8415 | D:8      | Killed Maurice
  8756 | D:8      | Found a hide-covered altar of Uskayaw.
  9128 | D:9      | Found a sparkling altar of Nemelex Xobeh.
  9523 | D:9      | Found a staircase to the Orcish Mines.
  9843 | D:9      | Reached skill level 10 in Fighting
 10427 | D:9      | Found an opulent altar of Gozag.
 10639 | D:9      | Found Zoaxkune's General Store.
 10644 | D:9      | Bought a scroll of fog for 48 gold pieces
 10644 | D:9      | Bought a scroll of identify for 24 gold pieces
 10914 | D:10     | Entered Level 10 of the Dungeon
 10941 | D:10     | Found a runed translucent door.
 10944 | D:10     | Found a basalt altar of Yredelemnul.
 10974 | D:10     | Found a shadowy altar of Dithmenos.
 10975 | D:10     | Found an ornate altar of the Wu Jian Council.
 10975 | D:10     | Found an iron altar of Okawaru.
 10977 | D:10     | Found a glowing golden altar of the Shining One.
 11131 | Temple   | Entered the Ecumenical Temple
 11136 | Temple   | Became a worshipper of Sif Muna the Loreminder
 11204 | D:9      | Reached XP level 11. HP: 56/76 MP: 5/20
 11976 | D:10     | Found a sacrificial altar of Ru.
 12843 | D:11     | Found an ornate altar of the Wu Jian Council.
 12883 | D:11     | Noticed Harold
 13592 | D:11     | Killed Harold
 13781 | D:11     | Reached * piety under Sif Muna
 13935 | Lair:1   | Entered Level 1 of the Lair of Beasts
 14292 | Lair:1   | Noticed Joseph
 14330 | Lair:1   | Killed Joseph
 14527 | Lair:1   | Noticed Gastronok
 14658 | Lair:1   | Killed Gastronok
 14838 | Lair:1   | Reached XP level 12. HP: 81/81 MP: 15/25
 14895 | Lair:1   | Learned a level 3 spell: Ignite Poison
 14900 | Lair:1   | Learned a level 4 spell: Olgreb's Toxic Radiance
 14967 | Lair:1   | Reached skill level 1 in Poison Magic
 15768 | Lair:2   | Found a staircase to the Swamp.
 15856 | Lair:2   | Reached skill level 5 in Poison Magic
 16132 | Lair:2   | Found a runed translucent gate.
 16132 | Lair:2   | Found a runed translucent gate.
 16132 | Lair:2   | Found a runed translucent gate.
 16296 | Lair:2   | Reached ** piety under Sif Muna
 16489 | Orc:1    | Entered Level 1 of the Orcish Mines
 16489 | Orc:1    | Noticed Urug
 16729 | D:9      | Learned a level 2 spell: Poisonous Vapours
 17029 | Orc:1    | Reached *** piety under Sif Muna
 17231 | Orc:1    | Found an iron altar of Okawaru.
 17426 | Orc:1    | Killed Urug
 17430 | Orc:1    | Paralysed by an orc sorcerer for 4 turns
 17439 | Orc:1    | Reached skill level 10 in Spellcasting
 17850 | Orc:2    | Entered Level 2 of the Orcish Mines
 18538 | Orc:2    | Reached XP level 13. HP: 86/86 MP: 4/27
 18683 | Orc:2    | Reached **** piety under Sif Muna
 19013 | Orc:2    | Found Zawyon's Distillery.
 19083 | Orc:2    | Found Ihof Dayf's Magic Scroll Emporium.
 19163 | Orc:2    | Bought a potion of mutation for 80 gold pieces
 19165 | Orc:2    | Bought a scroll of identify for 32 gold pieces
 19165 | Orc:2    | Bought a scroll of identify for 32 gold pieces
 19268 | Orc:2    | Found a staircase to the Elven Halls.
 20576 | Orc:2    | Reached ***** piety under Sif Muna
 20578 | Orc:2    | Received a gift from Sif Muna
 20579 | Orc:2    | Got Suphouc's Folio of Unlucky Ice {god gift}
 21008 | Orc:2    | Reached skill level 5 in Invocations
 21410 | Orc:2    | Found Dedika's Book Boutique.
 21410 | Orc:2    | Found Byumushru's Antique Armour Shop.
 21411 | Orc:2    | Found a one-way gate leading to the halls of Pandemonium.
 21678 | Lair:2   | Noticed Huxoxzufuz's ghost (journeyman GnFi)
 21916 | Lair:2   | Found a hole to the Spider Nest.
 22351 | Lair:2   | Reached skill level 5 in Evocations
 22378 | Lair:1   | Killed Huxoxzufuz's ghost
 22624 | Lair:2   | Got the ring "Qeeriokh" {Fire rPois Str+5 Dex-2}
 22851 | Lair:3   | Gained mutation: Your large and strong wings let you fly.
                  | [Gargoyle growth]
 22851 | Lair:3   | Reached XP level 14. HP: 88/92 MP: 18/30
 23320 | Lair:3   | Identified the +7 shortbow "Jubef" {elec, Drain rF+ rC++
                  | Str+3}
 24261 | Lair:4   | Found a staircase to the Slime Pits.
 24262 | Lair:4   | Found a viscous altar of Jiyva.
 24708 | Lair:4   | Reached skill level 10 in Conjurations
 25194 | Lair:5   | Entered Level 5 of the Lair of Beasts
 26263 | Lair:5   | Reached skill level 10 in Invocations
 26664 | Lair:5   | Reached XP level 15. HP: 82/96 MP: 11/31
 27234 | Lair:5   | Found a corrupted altar of Lugonu.
 27234 | Lair:5   | Found a one-way gate to the infinite horrors of the Abyss.
 27239 | Lair:5   | Identified the +3 halberd of Ybbatoone {antimagic, rElec}
 27241 | Lair:5   | Identified the +3 dagger of Ymuyhiuc {protect, Int+3}
 27294 | Lair:5   | Received a gift from Sif Muna
 27363 | Lair:5   | Got Sif Muna's Directory of the Scintillating Zephyr {god
                  | gift}
 27373 | Lair:5   | Learned a level 3 spell: Stone Arrow
 27645 | Lair:5   | Reached skill level 1 in Earth Magic
 27981 | Lair:5   | Reached skill level 2 in Earth Magic
 28740 | D:12     | Reached skill level 3 in Earth Magic
 29111 | D:12     | Reached skill level 4 in Earth Magic
 29394 | D:13     | Found a gate to the Vaults.
 29398 | D:13     | Reached skill level 6 in Earth Magic
 29607 | D:13     | Reached skill level 7 in Earth Magic
 30222 | D:13     | Reached skill level 8 in Earth Magic
 30793 | D:14     | Reached skill level 9 in Earth Magic
 31297 | D:14     | Reached skill level 10 in Earth Magic
 31467 | D:14     | Noticed Opnastoc's ghost (journeyman MiBe)
 31622 | D:14     | Found a transporter.
 31633 | D:14     | Found a transporter.
 31961 | D:14     | Found a white marble altar of Elyvilon.
 32224 | D:15     | Entered Level 15 of the Dungeon
 32355 | D:15     | Reached skill level 11 in Earth Magic
 32628 | D:15     | Received a gift from Sif Muna
 32629 | D:15     | Got Sif Muna's Book of the Coruscating Commander {god gift}
 32957 | D:15     | Found a staircase to the Depths.
 32964 | D:15     | Reached XP level 16. HP: 90/101 MP: 16/32
 33117 | D:15     | Reached skill level 12 in Earth Magic
 33335 | D:15     | Noticed Kirke
 33529 | D:15     | Killed Kirke
 33793 | D:15     | Noticed Roxanne
 34269 | Spider:1 | Entered Level 1 of the Spider Nest
 34422 | Spider:1 | Noticed Rupert
 34431 | Spider:1 | Killed Rupert
 34697 | Spider:1 | Found a frozen archway.
 34824 | IceCv    | Entered an ice cave
 35552 | IceCv    | Received a gift from Sif Muna
 35562 | IceCv    | Got Sif Muna's Parchment of the Forceful Wyrd {god gift}
 35662 | IceCv    | Learned a level 6 spell: Iron Shot
 36520 | IceCv    | Reached skill level 15 in Fighting
 37109 | IceCv    | Noticed an Ice Fiend
 37826 | IceCv    | Killed an Ice Fiend
 38034 | IceCv    | Identified the +12 flail "Porueklock" {flame, Drain rElec
                  | Int+7 SInv}
 38501 | D:15     | Killed Roxanne
 39120 | Spider:1 | Received a gift from Sif Muna
 39121 | Spider:1 | Got Sif Muna's Lessons on Concussion {god gift}
 39206 | Spider:1 | Learned a level 5 spell: Fireball
 39354 | Spider:2 | Reached skill level 13 in Earth Magic
 39686 | Spider:2 | Reached XP level 17. HP: 92/113 MP: 18/33
 40669 | Spider:2 | Reached skill level 14 in Earth Magic
 41338 | Spider:2 | Received a gift from Sif Muna
 41339 | Spider:2 | Got Sif Muna's Volume of the Tincture and the Lithosphere
                  | {god gift}
 42850 | Spider:3 | Reached skill level 15 in Earth Magic
 43083 | Spider:3 | Reached skill level 15 in Conjurations
 43472 | Spider:3 | Received a gift from Sif Muna
 43473 | Spider:3 | Got Sif Muna's Meditations on Causimancy {god gift}
 44310 | Spider:4 | Entered Level 4 of the Spider Nest
 45045 | Spider:4 | Noticed Agnes
 45051 | Spider:4 | Killed Agnes
 45052 | Spider:4 | Reached skill level 16 in Earth Magic
 45311 | Spider:4 | Noticed Mara
 45313 | Spider:4 | Noticed steven32's illusion
 45345 | Spider:3 | Reached XP level 18. HP: 94/119 MP: 2/34
 45972 | Spider:4 | Killed Mara
 46046 | Spider:4 | Received a gift from Sif Muna
 46047 | Spider:4 | Got Sif Muna's Compendium of the Lethal Iceberg {god gift}
 46410 | Swamp:1  | Entered Level 1 of the Swamp
 46557 | Swamp:1  | You are sucked into a shaft and drop 1 floor!
 46567 | Swamp:2  | Learned a level 6 spell: Starburst
 46640 | Swamp:2  | Reached skill level 5 in Armour
 46724 | Swamp:2  | Noticed Louise
 46730 | Swamp:2  | Killed Louise
 46730 | Swamp:2  | Identified a scroll of acquirement
 46735 | Swamp:2  | Acquired 358 gold pieces
 47034 | Swamp:2  | Found a snail-covered altar of Cheibriados.
 47305 | Swamp:2  | Reached skill level 17 in Earth Magic
 48304 | Swamp:1  | Noticed Mlioglotl
 48309 | Swamp:1  | Killed Mlioglotl
 49364 | Swamp:3  | Received a gift from Sif Muna
 49539 | Swamp:3  | Acquired Sif Muna's Collected Works on the Mantle
 50125 | Swamp:3  | Reached skill level 18 in Earth Magic
 50452 | Swamp:4  | Entered Level 4 of the Swamp
 50819 | Swamp:4  | Received a gift from Sif Muna
 50828 | Swamp:4  | Reached XP level 19. HP: 85/124 MP: 5/35
 51207 | Swamp:4  | Reached skill level 10 in Armour
 51324 | Swamp:4  | Reached skill level 19 in Earth Magic
 51535 | Swamp:3  | Learned a level 5 spell: Borgnjor's Vile Clutch
 51579 | Swamp:4  | Reached skill level 1 in Necromancy
 52033 | Swamp:4  | Noticed the 27-headed Lernaean hydra
 52041 | Swamp:4  | Killed the 27-headed Lernaean hydra
 52206 | Swamp:4  | Got a decaying rune of Zot
 52265 | Swamp:4  | Identified the +5 ring mail of Ufylof {rElec}
 52912 | Spider:4 | Received a gift from Sif Muna
 52920 | Spider:4 | Got Sif Muna's Annotations on the Felsic Grave {god gift}
 53304 | Spider:4 | Reached skill level 5 in Necromancy
 53948 | Spider:4 | Got a gossamer rune of Zot
 54260 | Elf:1    | Entered Level 1 of the Elven Halls
 54756 | Elf:1    | Found Ceyngaf's Jewellery Shoppe.
 54762 | Elf:1    | Bought an amulet of magic regeneration for 390 gold pieces
 55032 | Elf:1    | Paralysed by an air elemental for 1 turns
 55037 | Elf:1    | Paralysed by an air elemental for 1 turns
 55918 | Elf:1    | Received a gift from Sif Muna
 55919 | Elf:1    | Got Sif Muna's Grimoire of Combative Lamentation {god gift}
 56451 | Elf:1    | Identified the +0 plate armour of Hysteria {Harm rC+++
                  | Str+2 Stlth-}
 56638 | Elf:2    | Reached skill level 20 in Earth Magic
 56638 | Elf:2    | Reached XP level 20. HP: 120/129 MP: 11/36
 57102 | Elf:2    | Found a runed translucent gate.
 57119 | Elf:2    | Found a runed translucent gate.
 57119 | Elf:2    | Found a runed translucent gate.
 57288 | Elf:2    | Paralysed by an air elemental for 1 turns
 57781 | Elf:3    | Entered Level 3 of the Elven Halls
 58840 | Elf:3    | Noticed a Brimstone Fiend
 59021 | Elf:3    | Identified the +1 robe "Tofy" {rElec Regen+ Str+7 Int-5}
 59033 | Elf:3    | Identified the +1 ring mail "Apu Da Niall" {rElec rPois
                  | Str-5}
 59325 | Elf:3    | Identified the +2 short sword "Qeaptaidew" {protect, Drain
                  | rElec rC+ Dex+3}
 59665 | Elf:3    | Received a gift from Sif Muna
 59680 | Elf:3    | Identified the staff of poison "Aqon" {rPois rF+ Int+4}
 59993 | Elf:3    | Identified the ring of Qesa {rC- rN++ MP+9 Str-5 Dex+3}
 59996 | Elf:3    | Identified the +6 spear "Huogu" {flame, Fly Int+4}
 60230 | Elf:3    | Got Sif Muna's Catalogue of Transition
 60254 | Elf:3    | Identified the +0 robe "Nupyt" {MP+9}
 60266 | Elf:3    | Found the +3 Mad Mage's Maulers {Infuse+∞ VampMP -Cast}
 60362 | Elf:3    | Identified the +0 scale mail of a Labyrinth {+Inv}
 60955 | Elf:3    | Identified the +0 cloak of Panentheism {rC+ Int+3}
 61479 | Vaults:1 | Entered Level 1 of the Vaults
 62333 | Vaults:1 | Received a gift from Sif Muna
 62335 | Vaults:1 | Got Sif Muna's Verses on the Red-Hot Autopsy {god gift}
 62510 | Vaults:1 | Reached XP level 21. HP: 84/134 MP: 1/37
 63691 | Vaults:1 | Noticed Nikola
 63915 | Orc:2    | Bought a scroll of blinking for 120 gold pieces
 63915 | Orc:2    | Bought a scroll of enchant armour for 120 gold pieces
 63918 | Orc:2    | Bought a potion of resistance for 100 gold pieces
 63918 | Orc:2    | Bought a potion of resistance for 100 gold pieces
 63918 | Orc:2    | Bought a potion of invisibility for 80 gold pieces
 63918 | Orc:2    | Bought a potion of curing for 30 gold pieces
 64132 | D:9      | Bought a phial of floods for 480 gold pieces
 64689 | D:14     | Killed Opnastoc's ghost
 64782 | D:14     | Reached skill level 5 in Dodging
 65262 | Vaults:1 | Killed Nikola
 65543 | Vaults:2 | Noticed Aizul
 65547 | Vaults:2 | Killed Aizul
 65736 | Vaults:1 | Reached XP level 22. HP: 140/140 MP: 38/38
 65918 | Vaults:2 | Found a portal to a secret trove of treasure.
 66886 | Vaults:2 | Noticed Saint Roka
 67455 | Vaults:2 | Received a gift from Sif Muna
 67984 | Vaults:2 | Noticed Jory
 67999 | Vaults:2 | Killed Jory
 68336 | Vaults:2 | Killed Saint Roka
 69732 | Vaults:2 | Got Hewn's Papyrus of Kinetic Ozone {god gift}
 70073 | Vaults:2 | Identified the ring of Pride {rN+ AC+4 Str-3 Dex+3}
 70346 | Vaults:3 | Found a staircase to the Crypt.
 70346 | Vaults:3 | Found a basalt altar of Yredelemnul.
 70347 | Vaults:3 | Found an ancient bone altar of Kikubaaqudgha.
 70527 | Vaults:3 | Reached skill level 1 in Shields
 70622 | Vaults:3 | Noticed Boris
 70630 | Vaults:3 | Killed Boris
 70886 | Vaults:3 | Reached XP level 23. HP: 139/152 MP: 23/39
 70940 | Vaults:3 | Reached skill level 5 in Shields
 70960 | Vaults:3 | Received a gift from Sif Muna
 71381 | Vaults:3 | Found Osalor's Armour Boutique.
 71969 | Vaults:3 | Identified the +4 battleaxe "Blob" {holy, rC+}
 72487 | Vaults:3 | Found Cism's Magic Scroll Emporium.
 72492 | Vaults:3 | Bought a scroll of enchant armour for 135 gold pieces
 72976 | Vaults:4 | Received a gift from Sif Muna
 73248 | Vaults:4 | Reached skill level 10 in Evocations
 73529 | Vaults:4 | Got Sif Muna's Codex of the Fisher {god gift}
 74959 | Vaults:4 | Noticed Mennas
 75685 | Vaults:3 | Killed Mennas
 76393 | Vaults:4 | Found Plog's Jewellery Shoppe.
 76708 | Vaults:4 | Identified the ring of Gluttony {Ice Str+4 SInv}
 76911 | Vaults:4 | Received a gift from Sif Muna
 77010 | Crypt:1  | Entered Level 1 of the Crypt
 78227 | Crypt:1  | Reached skill level 21 in Earth Magic
 78512 | Crypt:1  | Reached XP level 24. HP: 68/156 MP: 13/39
 79452 | Crypt:1  | Identified the +1 flail of Uzxi {freeze, rPois rC- rN+
                  | Dex+4}
 79550 | Crypt:1  | Received a gift from Sif Muna
 79551 | Crypt:1  | Got Sif Muna's Compilation of Bolts and Abominable Words
                  | {god gift}
 80041 | Crypt:1  | Reached skill level 22 in Earth Magic
 80210 | Crypt:1  | Learned a level 8 spell: Lehudib's Crystal Spear
 81730 | Crypt:2  | Identified the ring "Sethosk" {Ice rElec Int+2}
 81730 | Crypt:2  | Noticed Josephina
 81742 | Crypt:2  | Killed Josephina
 82623 | Crypt:3  | Entered Level 3 of the Crypt
 82768 | Crypt:3  | Received a gift from Sif Muna
 82909 | Crypt:3  | Reached skill level 23 in Earth Magic
 83335 | Crypt:3  | Noticed Vv
 83344 | Crypt:3  | Killed Vv
 85196 | Crypt:3  | Received a gift from Sif Muna
 85939 | Crypt:3  | Reached skill level 24 in Earth Magic
 86206 | Crypt:3  | Identified the +7 sling of Flawed Execution {elec, rPois
                  | MP+9 Stlth+}
 86206 | Crypt:3  | Identified the +8 great sword "Hifofiup" {heavy, rC+++
                  | Will- Str+4}
 87001 | Crypt:3  | Found an ancient bone altar of Kikubaaqudgha.
 88024 | Crypt:3  | Found a staircase to the Tomb.
 88112 | Crypt:3  | Noticed an ancient lich
 88118 | Crypt:3  | Killed an ancient lich
 88247 | Crypt:3  | Identified the +2 cloak of Narrow Liberty {Str+3}
 88352 | Crypt:3  | Reached skill level 25 in Earth Magic
 89208 | Crypt:3  | Identified the ring "Jovykusull" {rN+ Str+3}
 89208 | Crypt:3  | Identified the ring of the Moon {rN+ MP+9}
 89266 | Crypt:3  | Received a gift from Sif Muna
 89267 | Crypt:3  | Got Sif Muna's Precepts of Feathery Phlogiston {god gift}
 89730 | Crypt:3  | Reached XP level 25. HP: 163/163 MP: 27/39
 90019 | Crypt:3  | Learned a level 9 spell: Shatter
 90485 | Slime:1  | Entered Level 1 of the Pits of Slime
 90660 | Slime:1  | Gained mutation: You are weak. (Str -2) [a shining eye]
 91242 | Elf:1    | Bought a ring of resist corrosion for 260 gold pieces
 92855 | Slime:2  | Received a gift from Sif Muna
 94094 | Slime:2  | Got Sif Muna's Directory of Detritus and the Jaunt {god
                  | gift}
 95715 | Slime:4  | Received a gift from Sif Muna
 96456 | Slime:5  | Entered Level 5 of the Pits of Slime
 96859 | Slime:5  | Gained mutation: You are dopey. (Int -2) [a shining eye]
 97042 | Slime:5  | Noticed the Royal Jelly
 97047 | Slime:5  | Killed the Royal Jelly
 97606 | Slime:5  | Reached skill level 15 in Spellcasting
 99700 | Slime:5  | Identified the amulet "Asess" {Regen+ Int+6}
 99706 | Slime:5  | Got the Handbook of Pyromania
 99711 | Slime:5  | Identified the staff of death "Fioduv" {rF+ rN+ Str+3 Int+3
                  | Dex+3}
 99716 | Slime:5  | Got a slimy rune of Zot
100361 | Depths:1 | Entered Level 1 of the Depths
100498 | Depths:1 | Found Feosk's Antique Weapon Shoppe.
100515 | Depths:1 | Received a gift from Sif Muna
100516 | Depths:1 | Got Sif Muna's Collected Works on Space and Heat {god gift}
100722 | Depths:1 | Found a gateway to Hell.
101107 | Depths:1 | Found Imazueva's General Store.
101137 | Depths:1 | Found a flickering gateway to a bazaar.
101155 | Bazaar   | Entered a bazaar
101201 | Bazaar   | Found Sotroz's Jewellery Emporium.
101209 | Bazaar   | Bought the ring "Baigav" {rF+ rCorr Dex-3 Slay+4} for 730
                  | gold pieces
101209 | Bazaar   | Found Xuafim's Magic Scroll Boutique.
101217 | Bazaar   | Bought a scroll of acquirement for 520 gold pieces
101217 | Bazaar   | Bought a scroll of teleportation for 30 gold pieces
101217 | Bazaar   | Bought a scroll of amnesia for 40 gold pieces
101217 | Bazaar   | Bought a scroll of immolation for 40 gold pieces
101217 | Bazaar   | Bought a scroll of vulnerability for 40 gold pieces
101219 | Bazaar   | Acquired the ring of Sunlight {Fly Will+ Int+2 Dex+6 SInv}
101243 | Bazaar   | Found Xixki's Book Shoppe.
101252 | Bazaar   | Bought a manual of Transmutations for 800 gold pieces
101252 | Bazaar   | Bought a book of Transfigurations for 400 gold pieces
101252 | Bazaar   | Bought a book of Weapons for 280 gold pieces
101252 | Bazaar   | Found Wymiumin's Jewellery Shop.
101260 | Bazaar   | Bought the ring "Peecwool" {Wiz rF+ Int+2 Slay+3} for 972
                  | gold pieces
101487 | Depths:1 | Found Alojuj's Distillery.
101491 | Depths:1 | Bought a potion of resistance for 150 gold pieces
101491 | Depths:1 | Bought 2 potions of heal wounds for 150 gold pieces
101491 | Depths:1 | Bought a potion of brilliance for 60 gold pieces
101491 | Depths:1 | Bought a potion of mutation for 120 gold pieces
101816 | Depths:1 | Found Hiedisem's Distillery.
102863 | Depths:1 | Found a one-way gateway to a ziggurat.
102874 | Depths:1 | Reached XP level 26. HP: 174/174 MP: 16/42
103173 | Depths:2 | You are sucked into a shaft and drop 1 floor!
103199 | Depths:3 | Received a gift from Sif Muna
103200 | Depths:3 | Got Sif Muna's Grimoire of Coruscating Reformation {god
                  | gift}
104011 | Depths:2 | Noticed Bai Suzhen
105044 | Depths:2 | Reached skill level 5 in Transmutations
105136 | Depths:2 | Noticed a royal mummy
105143 | Depths:2 | Killed a royal mummy
105320 | Depths:2 | Noticed a royal mummy
105327 | Depths:2 | Killed a royal mummy
105489 | Depths:2 | Noticed a royal mummy
105825 | Depths:2 | Killed a royal mummy
106019 | Depths:2 | Found the +7 sceptre of Torment {pain, torment}
106388 | Depths:2 | Killed Bai Suzhen
106788 | Depths:1 | Learned a level 4 spell: Passage of Golubria
107709 | Depths:3 | Identified the +0 scale mail of Myf Koni {rF++ Int+3}
107759 | Depths:3 | Received a gift from Sif Muna
107760 | Depths:3 | Got Sif Muna's Meditations on Collective Firn {god gift}
108406 | Depths:3 | Reached skill level 10 in Transmutations
108754 | Depths:3 | Noticed a juggernaut
108762 | Depths:3 | Killed a juggernaut
109086 | Depths:3 | Learned a level 5 spell: Irradiate
109137 | Depths:3 | Identified the ring "Faips" {Ice rElec Will+}
109143 | Depths:3 | Noticed a juggernaut
109147 | Depths:3 | Killed a juggernaut
109148 | Depths:3 | Reached skill level 1 in Translocations
110166 | Depths:3 | Reached skill level 5 in Translocations
110433 | Depths:3 | Noticed the Enchantress
110441 | Depths:3 | Killed the Enchantress
110568 | Depths:3 | Identified the +4 ring mail of the Ant {Rampage Dex+2}
110927 | Depths:4 | Entered Level 4 of the Depths
111172 | Depths:4 | Found a sacrificial altar of Ru.
111296 | Depths:4 | Reached XP level 27. HP: 170/182 MP: 32/42
111543 | Depths:4 | Received a gift from Sif Muna
111544 | Depths:4 | Got Sif Muna's Volume of Algid Company {god gift}
112096 | Depths:4 | Found a gate to the Realm of Zot.
112519 | Depths:4 | Acquired the +2 helmet of the Pirate {rC++ Int+7 Dex-5}
112865 | Zot:1    | Entered Level 1 of the Realm of Zot
112875 | Zot:1    | Reached skill level 10 in Translocations
113443 | Zot:1    | Reached skill level 26 in Earth Magic
115050 | Zot:1    | You are sucked into a shaft and drop 1 floor!
115230 | Zot:2    | Reached skill level 27 in Earth Magic
115659 | Zot:2    | Noticed an orb of fire
115661 | Zot:2    | Killed an orb of fire
116303 | Zot:2    | Found an opulent altar of Gozag.
119232 | Zot:3    | Noticed an orb of fire
119378 | Zot:3    | Killed an orb of fire
120821 | Zot:3    | Reached ****** piety under Sif Muna
121029 | Zot:3    | Identified the +7 flail of the Modern Nightmares {heavy,
                  | rPois rC- Will+ Int+4}
121742 | Zot:4    | Reached skill level 15 in Invocations
122063 | Zot:4    | Identified the +2 robe "Itijoodd" {Rampage}
122585 | Zot:4    | Noticed an orb of fire
124623 | Zot:5    | Entered Level 5 of the Realm of Zot
127726 | Zot:5    | Noticed an orb of fire
127727 | Zot:5    | Gained mutation: Armour fits poorly on your strangely
                  | shaped body. [an orb of fire]
127738 | Zot:5    | Killed an orb of fire
127742 | Zot:5    | Noticed an orb of fire
127743 | Zot:5    | Gained mutation: You occasionally lose the ability to drink
                  | potions when taking damage. [an orb of fire]
127748 | Zot:5    | Gained mutation: Your body sometimes deteriorates upon
                  | taking damage. [an orb of fire]
127750 | Zot:5    | Gained mutation: You sometimes lose the ability to drink
                  | potions when taking damage. [an orb of fire]
127751 | Zot:5    | Killed an orb of fire
127778 | Zot:5    | Lost mutation: Armour fits poorly on your strangely shaped
                  | body. [potion of mutation]
127778 | Zot:5    | Lost mutation: You sometimes lose the ability to drink
                  | potions when taking damage. [potion of mutation]
127779 | Zot:5    | Lost mutation: You are weak. (Str -2) [potion of mutation]
127779 | Zot:5    | Lost mutation: You are dopey. (Int -2) [potion of mutation]
127779 | Zot:5    | Gained mutation: You are vulnerable to heat. (rF-) [potion
                  | of mutation]
127780 | Zot:5    | Lost mutation: You occasionally lose the ability to drink
                  | potions when taking damage. [potion of mutation]
127780 | Zot:5    | Lost mutation: You are vulnerable to heat. (rF-) [potion of
                  | mutation]
127780 | Zot:5    | Lost mutation: Your body sometimes deteriorates upon taking
                  | damage. [potion of mutation]
127780 | Zot:5    | Gained mutation: Your skin changes colour to match your
                  | surroundings (Stealth+). [potion of mutation]
128046 | Zot:5    | Noticed a dread lich
128051 | Zot:5    | Killed a dread lich
128123 | Zot:5    | Noticed an ancient lich
128127 | Zot:5    | Killed an ancient lich
129645 | Zot:5    | Noticed an orb of fire
129647 | Zot:5    | Gained mutation: You are weak. (Str -2) [an orb of fire]
129648 | Zot:5    | Gained mutation: You have supernaturally acute eyesight.
                  | (SInv) [an orb of fire]
129654 | Zot:5    | Killed an orb of fire
129977 | Zot:5    | Noticed an orb of fire
129982 | Zot:5    | Killed an orb of fire
130113 | Zot:5    | Noticed an orb of fire
130113 | Zot:5    | Noticed an orb of fire
130119 | Zot:5    | Noticed an orb of fire
130120 | Zot:5    | Noticed an orb of fire
130155 | Zot:5    | Killed an orb of fire
130255 | Zot:5    | Gained mutation: Your movements are slightly less
                  | encumbered by armour. (ER -2) [an orb of fire]
130262 | Zot:5    | Gained mutation: You are very weak. (Str -4) [an orb of
                  | fire]
130263 | Zot:5    | Killed an orb of fire
130423 | Zot:5    | Killed an orb of fire
130432 | Zot:5    | Killed an orb of fire
132013 | Zot:5    | Noticed an orb of fire
132024 | Zot:5    | Killed an orb of fire
132203 | Zot:5    | Noticed a dread lich
132207 | Zot:5    | Killed a dread lich
132313 | Zot:5    | Noticed a dread lich
132328 | Zot:5    | Killed a dread lich
133176 | Zot:5    | Got the Orb of Zot
133390 | Depths:4 | Noticed Juexiu the pandemonium lord
133766 | D:4      | Noticed Duvessa
133770 | D:4      | Killed Dowan
133771 | D:4      | Killed Duvessa
133861 | D:3      | Gained mutation: You occasionally lose the ability to drink
                  | potions when taking damage. [a cacodemon]
133892 | D:1      | Lost mutation: You have supernaturally acute eyesight.
                  | (SInv) [potion of mutation]
133892 | D:1      | Lost mutation: Your skin changes colour to match your
                  | surroundings (Stealth+). [potion of mutation]
133892 | D:1      | Gained mutation: Your spells are a little harder to cast,
                  | but a little more powerful. [potion of mutation]
133892 | D:1      | Gained mutation: You have an increased reservoir of magic.
                  | (+10% MP) [potion of mutation]
133893 | D:1      | Lost mutation: You are very weak. (Str -4) [potion of
                  | mutation]
133893 | D:1      | Lost mutation: Your movements are slightly less encumbered
                  | by armour. (ER -2) [potion of mutation]
133893 | D:1      | Gained mutation: You are partially covered in large bone
                  | plates. (SH +4) [potion of mutation]
133893 | D:1      | Gained mutation: You are very weak. (Str -4) [potion of
                  | mutation]
133894 | D:1      | Lost mutation: You occasionally lose the ability to drink
                  | potions when taking damage. [potion of mutation]
133894 | D:1      | Lost mutation: Your spells are a little harder to cast, but
                  | a little more powerful. [potion of mutation]
133894 | D:1      | Gained mutation: Your flesh is cold resistant. (rC+)
                  | [potion of mutation]
133945 | D:$      | Escaped with the Orb!

Illustrated notes

Levels and vault maps discovered:
D:1:      sevenhm_arrival_forest_fort_small_5, layout_rooms
D:2:      layout_loops_cross
D:3:      layout_basic, nicolae_qazlal_style_of_elements, serial_shops,
          nicolae_shop_industrial_runoff, uniq_robin, uniq_grinder
D:4:      layout_basic, jmf_multi_god_temple, corexii_corridor_pit,
          uniq_duvessa, uniq_pikel
D:5:      layout_basic
D:6:      layout_gridville, old_standard_altar, uniq_eustachio, uniq_maggie
D:7:      layout_cave_pools, temple_pool_b, serial_shops, kennysheep_little_box,
          ebering_ghost_rock_garden
D:8:      layout_loops_ring, eat_drink_and_be_merry_uskayaw,
          fedhas_ov_isle_minmay, lair_entry_dummy, kennysheep_flooded_box,
          kennysheep_generic_room_5, uniq_maurice
D:9:      layout_roguey, mainiacjoe_overflow_chevrons,
          lemuel_coloured_pillars_altar, david_orc_5, serial_shops,
          nicolae_shop_just_a_little_nook
D:10:     layout_loops_corners, grunt_temple_overflow_open,
          mainiacjoe_overflow_surrounded_room, dk_yredelemnul_ordeal
D:11:     layout_cave_pools, pdpol_wu_jian_five_deadly_venoms, uniq_harold
D:12:     layout_basic
D:13:     layout_long_grid, david_vaults_3
D:14:     layout_long_grid, nzn_ghost_randoct, nicolae_elyvilon_peaceful_grove
D:15:     grunt_enter_depths_snipers, layout_grid_maze, nicolae_hexahallways,
          serial_bayou_lagoon_a, st_stairs_1, uniq_roxanne, uniq_kirke
Temple:   hellmonk_temple_micro_hex
Lair:1:   layout_concentric_octagons, minivault_23, serial_bayou_shore_a,
          grunt_megastairs_5, uniq_joseph, uniq_gastronok
Lair:2:   layout_small_grid, swamp_mist, spider_nest_entry_webs,
          gammafunk_ghost_icy
Lair:3:   layout_cave_pods
Lair:4:   layout_gridlike, slime_entry_1, pdpol_lair_neglected_garden
Lair:5:   hellmonk_lair_end_abyssal_woods, layout_cave_pods, st_stairs_4,
          serial_bayou_shore_b
Swamp:1:  layout_falls_marsh, nicolae_swamp_round_clearing, uniq_mlioglotl
Swamp:2:  layout_basic_swamp, evilmike_swamp_ruin_house_6, swamp_pool1,
          lemuel_altar_in_water, nicolae_swamp_little_tower, uniq_louise
Swamp:3:  layout_basic_swamp, evilmike_swamp_ruin_house_1
Swamp:4:  grunt_swamp_rune_castle, layout_basic_swamp, swamp_pool1
Spider:1: layout_spider_delve, portal_ice_cave_entry_frozen_things, uniq_rupert
Spider:2: layout_spider_delve
Spider:3: layout_spider_delve, nicolae_spider_orb_run
Spider:4: floodkiller_spider_rune_tomb, uniq_mara, uniq_agnes
Slime:1:  layout_caves
Slime:2:  layout_caves
Slime:3:  layout_caves
Slime:4:  layout_caves
Slime:5
Orc:1:    dreamdust_under_siege, layout_caves, okawaru_metal_pillars_1_2,
          uniq_urug
Orc:2:    pf_orc_diabolical, layout_caves
Elf:1:    nicolae_elf_arrival_no_cutting_in_line, layout_geoelf_diagonals,
          serial_shops, shop, hangedman_corner_corridor, fountainhead,
          minmay_checkered_concentric_circles
Elf:2:    nicolae_elf_blades_crystal_corner, layout_geoelf_diagonals
Elf:3:    grunt_elf_hall_branching, layout_onion_city
Vaults:1: dpeg_vaults_waves, nicolae_vaults_network_quinsquares
          [nicolae_vaults_network_quincunx_subvault,
          nicolae_vaults_network_quincunx_subvault,
          nicolae_vaults_network_quincunx_subvault,
          nicolae_vaults_network_quincunx_subvault], grunt_vaults_hallway_short,
          nicolae_vaults_trapezoid_3, ontoclasm_vaults_gateway,
          vaults_mumra_minichess, v_misc_11, vaults_dpeg_diagonal,
          hangedman_vaults_river_flow, nicolae_vaults_house_2,
          layout_vaults_omnigrid, uniq_nikola
Vaults:2: nicolae_vaults_big_ls, st_diamondy, nicolae_vaults_arrows,
          hangedman_vaults_capsules, nicolae_vaults_weapon_check,
          nicolae_vaults_heist, nicolae_vaults_turnstiles, vaults_dpeg_doors,
          layout_vaults_maze, enter_trove_2, uniq_aizul, uniq_saint_roka,
          uniq_jory
Vaults:3: vaults_room_boxed, nicolae_vaults_tetromino_T_1,
          nicolae_vaults_tangram_1, minmay_crypt_entry_necro_gods,
          nicolae_vaults_taking_the_gang_shopping, nicolae_vaults_puzzle_piece,
          nicolae_vaults_alarming, hangedman_vaults_hat, v_rooms_1,
          layout_vaults_omnibox, serial_shops, nicolae_shop_crystal, uniq_boris
Vaults:4: nicolae_vaults_twisting_passages, v_misc_31, nicolae_vaults_theta,
          nicolae_vaults_frosty_reception, nicolae_vaults_closet_pinwheel_1,
          nicolae_vaults_tetromino_T_2, grunt_vaults_swirl, grunt_vaults_twisty,
          grunt_vaults_diagonal, nicolae_vaults_mush_room,
          vaults_room_large_hall, grunt_vaults_focal,
          nicolae_vaults_double_plus_1, vaults_room_pool,
          layout_vaults_omnicross, serial_shops, shop_fountains, uniq_mennas
Crypt:1:  layout_gridlike, st_stairs_1, corexii_hall_statues_l,
          grunt_megastairs_1, grunt_crypt_arrival_split
Crypt:2:  layout_chaotic_city, uniq_josephina
Crypt:3:  church_of_pain_bobbens, layout_chaotic_city,
          nicolae_tomb_entry_unfolded_pyramid_orthogonal, uniq_vv
Depths:1: layout_basic, enter_ziggurat_f, fountainhead, grunt_hell_horde,
          serial_shops, bzr_entry_water, shop, shop, shop,
          nicolae_shop_industrial_runoff, item_on_display_a
Depths:2: minmay_guarded_unrand_sceptre_of_torment, layout_gridville,
          pf_hell_entry_great_geh, grunt_decor_mini_mirrors,
          grunt_pan_entry_in_and_out, uniq_bai_suzhen
Depths:3: cell_vault, layout_long_grid, abyss_entry, hangedman_coc_ice_floe,
          nicolae_concentric_dashed_squares_wild, chequers_serial_rivers_room_b,
          kennysheep_generic_room_2, minmay_staircase_bubble, uniq_enchantress
Depths:4: grunt_zot_entry_alcove, layout_gridville, hex_tiny, hell_entry,
          nicolae_ru_great_annihilating_truth
Zot:1:    layout_misc_corridors, nicolae_lava_and_water, st_stairs_1
Zot:2:    kennysheep_blocky_room, layout_basic, basic_altar
Zot:3:    layout_basic, grunt_megastairs_4
Zot:4:    layout_cathedral_of_symmetry, nrook_zot_tub
Zot:5:    layout_gridville, st_stairs_10

Skill      XL: |  1  2  3  4  5  6  7  8  9 10 11 12 13 14 15 16 17 18 19 20 21 22 23 24 25 26 27 |
---------------+----------------------------------------------------------------------------------+-----
Spellcasting   | 3 4 5 6 9 10 12 15 | 15.0
Fire Magic     | 5 6 8 |  8.0
Fighting       | 6 11 12 15 18 20 21 26 | 26.4
Armour         | 1 2 9 10 14 | 14.0
Stealth        | 4 |  4.0
Conjurations   | 6 8 9 12 13 16 20 | 20.0
Evocations     | 4 6 8 12 | 12.0
Poison Magic   | 8 |  8.0
Invocations    | 8 10 12 16 | 16.0
Earth Magic    | 11 13 16 18 20 21 25 27 | 27.0
Necromancy     | 8 |  8.0
Dodging        | 2 7 8 |  8.0
Shields        | 4 8 |  8.0
Transmutations | 12 | 12.0
Translocations | 7 10 | 10.0

Action                     |  1- 3 |  4- 6 |  7- 9 | 10-12 | 13-15 | 16-18 | 19-21 | 22-24 | 25-27 || total
---------------------------+-------+-------+-------+-------+-------+-------+-------+-------+-------++-------
  Melee: Unarmed           |     3 |       |       |       |       |       |       |       |       ||     3
         Flail             |       |       |       |    14 |    27 |    16 |    27 |   105 |   184 ||   373
         Staff             |       |       |       |       |       |     6 |       |       |       ||     6
   Cast: Foxfire           |    57 |    15 |    11 |    22 |     6 |    56 |       |       |       ||   167
         Scorch            |     4 |    35 |   114 |   159 |   254 |    79 |       |    17 |       ||   662
         Flame Wave        |       |       |     5 |    41 |    53 |    19 |       |       |       ||   118
         Sticky Flame      |       |       |     1 |    32 |    30 |     3 |       |       |       ||    66
         Ignite Poison     |       |       |       |    30 |   114 |   187 |   142 |   146 |   172 ||   791
         Olgreb's Toxic Ra |       |       |       |    26 |    37 |    64 |    64 |    66 |    41 ||   298
         Poisonous Vapours |       |       |       |    21 |   149 |   264 |   179 |   201 |   273 ||  1087
         Stone Arrow       |       |       |       |       |    15 |    11 |     4 |    36 |    10 ||    76
         Iron Shot         |       |       |       |       |       |   125 |   119 |   310 |   370 ||   924
         Fireball          |       |       |       |       |       |     4 |     3 |       |       ||     7
         Starburst         |       |       |       |       |       |    38 |    17 |    84 |   158 ||   297
         Borgnjor's Vile C |       |       |       |       |       |       |    46 |    73 |    73 ||   192
         Shatter           |       |       |       |       |       |       |     1 |       |   115 ||   116
         Chain Lightning   |       |       |       |       |       |       |       |     1 |       ||     1
         Lehudib's Crystal |       |       |       |       |       |       |       |    75 |   175 ||   250
         Maxwell's Capacit |       |       |       |       |       |       |       |       |     1 ||     1
         Death's Door      |       |       |       |       |       |       |       |       |     1 ||     1
         Irradiate         |       |       |       |       |       |       |       |       |    13 ||    13
 Invoke: Channel Magic     |       |       |       |       |     2 |     3 |     2 |     9 |    13 ||    29
         Divine Exegesis   |       |       |       |       |       |       |     1 |     1 |     2 ||     4
  Evoke: Wand              |       |     5 |     1 |    13 |     7 |    23 |     7 |     9 |    17 ||    82
         Condenser vane    |       |       |       |       |       |     1 |       |       |       ||     1
         Lightning rod     |       |       |       |       |       |     1 |       |       |       ||     1
         Phial of floods   |       |       |       |       |       |       |     1 |     1 |       ||     2
         Phantom mirror    |       |       |       |       |       |       |       |     1 |       ||     1
    Use: Scroll            |       |       |    11 |    12 |     2 |    12 |     9 |     7 |    24 ||    77
         Potion            |       |       |       |       |     3 |     1 |     3 |     3 |    21 ||    31
   Stab: Distracted        |       |       |       |       |       |       |       |     1 |       ||     1
         Sleeping          |       |       |       |       |       |       |       |       |     2 ||     2
         Paralysed         |       |       |       |       |       |       |       |       |     1 ||     1
         Invisible         |       |       |       |       |       |       |       |       |     1 ||     1
 Armour: Robe              |     6 |    12 |    33 |    41 |       |       |       |       |       ||    92
         Troll leather arm |       |       |       |    75 |   270 |    48 |       |       |       ||   393
         Acid dragon scale |       |       |       |     6 |       |       |       |       |       ||     6
         Skin              |       |       |       |     4 |       |       |       |       |       ||     4
         Leather armour    |       |       |       |       |       |   255 |   186 |   381 |   660 ||  1482
  Dodge: Dodged            |    17 |    17 |    54 |   129 |   196 |   203 |   121 |   273 |   394 ||  1404
  Block: Other             |       |     4 |    12 |    18 |       |       |       |       |       ||    34
         Reflection        |       |       |     1 |     6 |     3 |       |       |       |       ||    10
         Buckler           |       |       |       |    63 |   130 |    45 |    27 |   154 |   281 ||   700
